 Dungeon Crawl Stone Soup version 0.32-a0-913-g739538afd8 (webtiles) character file.

Game seed: 7189320739380158886

15940789 gameguard the Green Death (level 27, 249/249 HPs)
             Began as a Demonspawn Hunter on Apr 8, 2024.
             Was a High Priest of Fedhas.
             Escaped with the Orb
             ... and 15 runes
             ... and 1 gem on Apr 9, 2024!
             The game lasted 05:37:42 (98653 turns).

gameguard the Green Death (Demonspawn Hunter)      Turns: 98653, Time: 05:37:43

Health: 249/249    AC: 33    Str: 18    XL:     27
Magic:  40/40      EV: 50    Int: 16    God:    Fedhas [*****.]
Gold:   9536       SH:  4    Dex: 37    Spells: 28/53 levels left

rFire   + + .        a - +9 longbow (heavy)
rCold   + + .        (shield currently unavailable)
rNeg    + + +        m - +8 fire dragon scales
rPois   ∞            L - +1 helmet of Eternal Vigilance {rPois Regen+ Str+3 Dex+3}
rElec   .            (cloak unavailable)
rCorr   .            l - +2 pair of gloves of the Sacrificial Victim {Int+4 Stlth+}
SInv    +            u - +2 pair of boots of Slovenliness {rC++ rN+ Dex+4 Slay-2}
Will    +++++        x - amulet of regeneration
Stlth   ++           p - ring of the Hare {EV+10}
HPRegen 2.21/turn    P - ring "Ohisuuc" {Will+ Str+3 Dex+2 SInv}
MPRegen 0.54/turn

%: repel missiles, clarity, guardian spirit
@: death-form, studying 6 skills
A: vile attack, torment immunity, no potions, repulsion field 3, hurl damnation,
powered by pain 3, torment resistance 1, magic shield, magic regeneration, magic
link, demonic willpower, weakness stinger 3, large bone plates 1, clarity,
screaming 1, evolution 1
0: Orb of Zot
}: 15/15 runes: decaying, slimy, silver, golden, iron, obsidian, icy, bone,
abyssal, demonic, glowing, magical, fiery, dark, gossamer
a: Hurl Damnation, Siphon Essence, Begin Untransformation, Renounce Religion,
Wall of Briars, Grow Ballistomycete, Overgrow, Grow Oklob


You escaped.
You worshipped Fedhas.
Fedhas was extremely pleased with you.
You were an undying horror.
You visited 18 branches of the dungeon, and saw 86 of its levels.
You visited Pandemonium 1 time, and saw 20 of its levels.
You visited the Abyss 1 time.
You visited 1 bazaar.
You visited 1 ziggurat, and saw 10 of its levels.
You also visited: Bailey, Gauntlet and Ice Cave.

You collected 17003 gold pieces.
You spent 7467 gold pieces at shops.

Inventory:

Hand Weapons
 a - a +9 heavy longbow (weapon)
 b - the +6 sword of Cerebov {flame}
   (You took it off Cerebov in Pandemonium)
Missiles
 s - 18 curare-tipped darts
Armour
 l - the +2 pair of gloves of the Sacrificial Victim (worn) {Int+4 Stlth+}
   (You found it on level 1 of the Elven Halls)

   Int+4:     It affects your intelligence (+4).
   Stlth+:    It makes you more stealthy.
 m - +8 fire dragon scales (worn)
 r - the +2 helmet of the Villain {Will+ Str+6 Stlth+}
   (You acquired it on level 15 of the Dungeon)

   Str+6:     It affects your strength (+6).
   Will+:     It increases your willpower.
   Stlth+:    It makes you more stealthy.
 u - the +2 pair of boots of Slovenliness (worn) {rC++ rN+ Dex+4 Slay-2}
   (You found it in a Gauntlet)

   Dex+4:     It affects your dexterity (+4).
   Slay-2:    It affects your accuracy & damage with ranged weapons and melee
   (-2).
   rC++:      It greatly protects you from cold.
   rN+:       It protects you from negative energy.
 L - the +1 helmet of Eternal Vigilance (worn) {rPois Regen+ Str+3 Dex+3}
   (You acquired it on level 2 of the Crypt)

   Str+3:     It affects your strength (+3).
   Dex+3:     It affects your dexterity (+3).
   rPois:     It protects you from poison.
   Regen+:    It increases your rate of health regeneration.
 V - the +0 pair of gloves "Dowkiabitt" {rElec rN+ Str-5 SInv}
   (You found it on level 3 of a ziggurat)

   Str-5:     It affects your strength (-5).
   rElec:     It insulates you from electricity.
   rN+:       It protects you from negative energy.
   SInv:      It lets you see invisible.
 W - a +0 kite shield of protection
Jewellery
 j - the ring of the Mauling Gods {rF+ AC+4 Dex+5}
   (You found it on level 5 of the Pits of Slime)

   [ring of protection]

   AC+4:      It affects your AC (+4).
   Dex+5:     It affects your dexterity (+5).
   rF+:       It protects you from fire.
 p - the ring of the Hare (left hand) {EV+10}
   (You found it on level 14 of the Dungeon)

   [ring of evasion]

   EV+10:     It affects your evasion (+10).
 x - an amulet of regeneration (around neck)
 B - the ring "Foulirph" {Wiz +Blink Will+}
   (You took it off a deep elf master archer on level 3 of the Elven Halls)

   [ring of wizardry]

   Wiz:       It improves your spell success rate.
   Will+:     It increases your willpower.
   +Blink:    It lets you blink.
 D - a ring of resist corrosion
 F - the amulet "Huveul" {Spirit rPois rCorr Dex+4}
   (You bought it in a shop on level 2 of the Depths)

   [amulet of guardian spirit]

   Spirit:    It causes incoming damage to be divided between your reserves of
   health and magic.
   Dex+4:     It affects your dexterity (+4).
   rPois:     It protects you from poison.
   rCorr:     It protects you from acid and corrosion.
 P - the ring "Ohisuuc" (right hand) {Will+ Str+3 Dex+2 SInv}
   (You found it on level 8 of the Dungeon)

   [ring of see invisible]

   Str+3:     It affects your strength (+3).
   Dex+2:     It affects your dexterity (+2).
   Will+:     It increases your willpower.
   SInv:      It lets you see invisible.
Talismans
 k - a talisman of death (active)
Wands
 y - a wand of iceblast (79)
 z - a wand of charming (31)
 G - a wand of acid (56)
 X - a wand of digging (40)
 Z - a wand of mindburst (74)
Scrolls
 d - a scroll of amnesia
 e - 14 scrolls of blinking
 f - 4 scrolls of silence
 g - 8 scrolls of vulnerability
 h - 15 scrolls of immolation
 i - 22 scrolls of teleportation
 n - 2 scrolls of torment
 o - a scroll of brand weapon
 t - 12 scrolls of fog
 v - 8 scrolls of poison
 w - 14 scrolls of fear
 I - 2 scrolls of butterflies
 J - 9 scrolls of enchant weapon
 S - 3 scrolls of revelation
Potions
 c - 15 potions of lignification
 A - 3 potions of resistance
 C - 6 potions of cancellation
 E - 6 potions of magic
 H - 6 potions of mutation
 K - 24 potions of curing
 M - 15 potions of heal wounds
 N - 4 potions of haste
 U - 9 potions of enlightenment
Miscellaneous
 q - a Gell's gravitambourine (2/2)
 O - a box of beasts
 Q - a figurine of a ziggurat
 R - the horn of Geryon
 T - a tin of tremorstones (2/2)
 Y - a phantom mirror


   Skills:
 O Level 27 Fighting
 + Level 18.4 Long Blades
 - Level 22.5 Ranged Weapons
 + Level 19.6 Armour
 + Level 24.2 Dodging
 - Level 6.0 Stealth
 + Level 13.5 Spellcasting
 - Level 10.0 Hexes
 - Level 12.0 Translocations
 - Level 12.5 Air Magic
 O Level 27 Invocations
 + Level 19.9 Evocations
 - Level 23.0 Shapeshifting


You had 28 spell levels left.
You knew the following spells:

 Your Spells              Type           Power      Damage    Failure   Level
a - Vhi's Electric Charg  Tloc/Air       100%       N/A       1%          4
l - Blink                 Tloc           98%        N/A       1%          2
q - Apportation           Tloc           98%        N/A       1%          1
s - Lesser Beckoning      Tloc           98%        N/A       1%          2
x - Passage of Golubria   Tloc           49%        N/A       1%          4
z - Dimensional Bullseye  Hex/Tloc       23%        N/A       1%          4
I - Silence               Hex/Air        23%        N/A       3%          5
W - Swiftness             Air            50%        N/A       1%          3

Your spell library contained the following spells:

 Spells                   Type           Power      Damage    Failure   Level
 Shock                    Conj/Air       100%       1d9       1%          1
 Jinxbite                 Hex            84%        N/A       1%          2
 Mercury Vapours          Alch/Air       60%        N/A       1%          2
 Momentum Strike          Conj/Tloc      60%        3d9       1%          2
 Static Discharge         Conj/Air       60%        3-6/arc   1%          2
 Confusing Touch          Hex            42%        N/A       1%          3
 Maxwell's Portable Pile  Tloc           49%        2d(10-28) 1%          3
 Sigil of Binding         Hex            42%        N/A       1%          3
 Teleport Other           Tloc           49%        N/A       1%          3
 Tukima's Dance           Hex            42%        N/A       1%          3
 Airstrike                Air            25%        2d(4-20)  1%          4
 Ensorcelled Hibernation  Hex/Ice        52%        N/A       2%          2
 Cause Fear               Hex            21%        N/A       2%          4
 Cigotuvi's Dreadful Rot  Necr/Alch/Air  48%        N/A       3%          2
 Volatile Blastmotes      Fire/Tloc      60%        2d15      3%          3
 Dazzling Flash           Conj/Hex       52%        N/A       5%          3
 Inner Flame              Hex/Fire       26%        N/A       5%          3
 Mephitic Cloud           Conj/Alch/Air  24%        N/A       8%          3
 Summon Lightning Spire   Summ/Air       30%        N/A       11%         4
 Iskenderun's Mystic Bla Conj/Tloc 30%            2d8        (+2d4     12%         4
 Foxfire                  Conj/Fire      40%        2x1d6     14%         1
 Freeze                   Ice            40%        1d6       14%         1
 Kiss of Death            Conj/Necr      40%        2d8       14%         1
 Magic Dart               Conj           40%        1d5       14%         1
 Sting                    Conj/Alch      40%        1d5       14%         1
 Summon Small Mammal      Summ           40%        N/A       14%         1
 Dispersal                Tloc           24%        N/A       16%         6
 Gell's Gavotte           Tloc           24%        2d(22-32) 16%         6
 Anguish                  Hex/Necr       13%        N/A       19%         4
 Call Imp                 Summ           20%        N/A       22%         2
 Searing Ray              Conj           20%        2d5       22%         2
 Sublimation of Blood     Necr           10%        N/A       22%         2
 Arcjolt                  Conj/Air       15%        1d25      30%         5
 Summon Forest            Summ/Tloc      15%        N/A       34%         5
 Call Canine Familiar     Summ           10%        N/A       41%         3
 Frozen Ramparts          Ice            20%        1d4       41%         3
 Fugue of the Fallen      Necr           10%        N/A       41%         3
 Hailstorm                Conj/Ice       10%        3d6       41%         3
 Ozocubu's Armour         Ice            10%        N/A       41%         3
 Passwall                 Erth           10%        N/A       41%         3
 Stone Arrow              Conj/Erth      20%        3d8       41%         3
 Summon Ice Beast         Ice/Summ       10%        N/A       41%         3
 Vampiric Draining        Necr           10%        2d6       41%         3
 Metabolic Englaciation   Hex/Ice        13%        N/A       45%         5
 Summon Mana Viper        Hex/Summ       26%        N/A       45%         5
 Yara's Violent Unravell  Hex/Alch       13%        3d7       45%         5
 Freezing Cloud           Conj/Ice/Air   12%        6-21      56%         5
 Manifold Assault         Tloc           24%        N/A       65%         7
 Animate Armour           Summ/Erth      20%        N/A       82%         4
 Animate Dead             Necr           10%        N/A       82%         4
 Brom's Barrelling Bould  Conj/Erth      10%        2d3       82%         4
 Dispel Undead            Necr           10%        3d9       82%         4
 Flame Wave               Conj/Fire      10%        2d6       82%         4
 Fulminant Prism          Conj/Alch      5%         3d7       82%         4
 Ignite Poison            Fire/Alch      10%        N/A       82%         4
 Leda's Liquefaction      Alch/Erth      5%         N/A       82%         4
 Olgreb's Toxic Radiance  Alch           10%        N/A       82%         4
 Petrify                  Alch/Erth      10%        N/A       82%         4
 Sticky Flame             Fire/Alch      10%        2d5       82%         4
 Summon Blazeheart Golem  Fire/Summ      10%        N/A       82%         4
 Conjure Ball Lightning   Conj/Air       15%        3x3d6     86%         6
 Plasma Beam              Fire/Air       15%        2x1d26    86%         6
 Enfeeble                 Hex            21%        N/A       90%         7
 Alistair's Intoxication  Alch           6%         N/A       99%         5
 Borgnjor's Vile Clutch   Necr/Erth      5%         N/A       99%         5
 Curse of Agony           Necr           10%        N/A       99%         5
 Fireball                 Conj/Fire      5%         3d5       99%         5
 Irradiate                Conj/Alch      5%         3d13      99%         5
 Iskenderun's Battlesphe  Conj           10%        2d6       99%         5
 Lee's Rapid Deconstruct  Erth           5%         3d6*      99%         5
 Maxwell's Capacitive Co  Air            25%        ∞         99%         8
 Bombard                  Conj/Erth      5%         9d2       100%        6
 Death Channel            Necr           5%         N/A       100%        6
 Eringya's Noxious Bog    Alch           5%         4d6       100%        6
 Permafrost Eruption      Ice/Erth       5%         2x4d2     100%        6
 Sculpt Simulacrum        Ice/Alch       5%         N/A       100%        6
 Starburst                Conj/Fire      5%         6d4       100%        6
 Summon Cactus Giant      Summ           5%         N/A       100%        6
 Haunt                    Necr/Summ      5%         N/A       100%        7
 Malign Gateway           Summ/Tloc      15%        N/A       100%        7
 Orb of Destruction       Conj           5%         9d5       100%        7
 Ozocubu's Refrigeration  Ice            5%         4d8       100%        7
 Spellforged Servitor     Conj/Summ      5%         N/A       100%        7
 Summon Hydra             Summ           5%         N/A       100%        7
 Borgnjor's Revivificati  Necr           5%         N/A       100%        8
 Discord                  Hex            21%        N/A       100%        8
 Disjunction              Tloc           24%        N/A       100%        8
 Ignition                 Fire           5%         3d4       100%        8
 Infestation              Necr           5%         N/A       100%        8
 Lehudib's Crystal Spear  Conj/Erth      5%         10d3      100%        8
 Summon Horrible Things   Summ           5%         N/A       100%        8
 Dragon's Call            Summ           5%         N/A       100%        9
 Polar Vortex             Ice            5%         N/A       100%        9
 Shatter                  Erth           5%         3d8*      100%        9


Dungeon Overview and Level Annotations

Branches:
Dungeon (15/15)            Temple (1/1) D:5            Lair (5/5) D:10
  Swamp (4/4) Lair:2       Spider (4/4) Lair:3        Slime (5/5) Lair:4
    Orc (2/2) D:10            Elf (3/3) Orc:2        Vaults (5/5) D:14
  Crypt (3/3) Vaults:2       Tomb (3/3) Crypt:3      Depths (4/4) D:15
   Hell (visited)             Dis (7/7) Hell            Geh (7/7) Hell
    Coc (7/7) Hell            Tar (7/7) Hell            Zot (5/5) Depths:4
 Bailey (visited)           IceCv (visited)         Gauntlet (visited)

Altars:
Ashenzari
Cheibriados
Dithmenos
Fedhas
Gozag
Hepliaklqana
Kikubaaqudgha
Makhleb
Nemelex Xobeh
Okawaru
Qazlal
Ru
Sif Muna
Trog
Uskayaw
Vehumet
Wu Jian
Xom
Yredelemnul
Beogh
Ignis
Jiyva

Shops:
D:12 ?*   D:14 *   Orc:2 (=?(   Elf:1 *!   Elf:3 [:   Vaults:2 :   Vaults:5 !
Depths:2 =:=   Depths:4 *

Portals:
Hell: Depths:1 Depths:2 Depths:3 Depths:4
Abyss: Depths:1 Depths:2 Depths:3 Depths:4
Pandemonium: Depths:1 Depths:2 Depths:3

Annotations:
D:3 1 runed translucent door, Crazy Yiuf
Lair:1 2 transporters, jestert79's ghost, journeyman DsSh


Innate Abilities, Weirdness & Mutations

You are an undying horror.
Your melee and unarmed attacks drain, slow and weaken victims.
You are immune to unholy pain and torment.
You cannot drink.
You are immune to poison.
You are surrounded by a strong repulsion field. (EV +4, RMsl)
You can hurl damnation.
You are powered by pain.
You are resistant to unholy torment.
When hurt, damage is shared between your health and your magic reserves.
You regenerate magic rapidly.
When low on magic, you restore magic in place of health.
You punish those that try to bend your will. (Will+)
You have a sharp stinger which inflicts weakening toxins.
You are partially covered in large bone plates. (SH +4)
You possess an exceptional clarity of mind.
You occasionally shout uncontrollably at your foes.
You have hidden genetic potential.


Message History

You shoot an arrow.
Natasha hisses angrily.
The arrow hits Natasha.
Natasha is lightly wounded.
You shoot an arrow. The arrow hits Natasha!!
You kill Natasha!
Fedhas appreciates your contribution to the ecosystem.
No target in view!
No target in view!
No target in view!
There is a stone staircase leading up here.
You climb upwards.
An Orb Guardian comes into view.
There is a stone staircase leading down here.
You shoot an arrow. The arrow hits the Orb Guardian!!!
The Orb Guardian is heavily wounded.
You shoot an arrow. The arrow hits the Orb Guardian!!!
You kill the Orb Guardian!
Fedhas accepts your kill.
No target in view!
No target in view!
There is an open door here.
You open the door.
There is an open door here.
You open the door.
There is an open door here.
A blizzard demon comes into view.
You shoot an arrow. The arrow hits the blizzard demon!!!!
You kill the blizzard demon!
Fedhas accepts your kill.
No target in view!
No target in view!
A Brimstone Fiend comes into view.
There is a staircase leading out of the dungeon here.
You shoot an arrow.
The arrow hits the Brimstone Fiend but does no damage.
The Brimstone Fiend completely misses you.
The Brimstone Fiend misses you.
The Brimstone Fiend completely misses you.
You have escaped!

#######.# ###########
##.......# #.........#
##..###'### #.........#
#..####.#### #.........#
#.##..#.#..###.........#
##.#.#.#.#.#.##.........#
#..#..#...#..##.........#
#.####...1.####..(.......
#.+.....z.....'..........
######.....####.)........
#..#...#..##.#####....
#.#.#.#.#.##.# #....
##..#.#..###.# #....
####.#####..# #....
#+##....## #....
#....#### #.... ######
#....


You could see a Brimstone Fiend.

Vanquished Creatures
  Cerebov (Pan)
  Antaeus (Coc:7)
  the Royal Jelly (Slime:5)
  Mnoleg (Pan)
  Ereshkigal (Tar:7)
  the Serpent of Hell (Geh:7)
  Gloorx Vloq (Pan)
  A seraph (Pan)
  Lom Lobon (Pan)
  4 pandemonium lords (Pan)
  7 dread liches
  Frederick (Vaults:4)
  Dispater (Dis:7)
  2 orbs of fire
  10 ancient liches
  4 juggernauts
  Josephina (Zot:4)
  7 royal mummies
  Boris (Vaults:2)
  2 shard shrikes (Coc:5)
  3 Killer Klowns
  Geryon (Hell)
  5 curse toes
  11 golden dragons
  16 caustic shrikes
  21 bone dragons
  Jory (Crypt:1)
  6 profane servitors
  6 Tzitzimimeh
  Nikola (Elf:1)
  2 pearl dragons
  16 Brimstone Fiends
  The ghost of Edofruc the Cloud Mage, an adept DrMo of Hepliaklqana (Elf:1)
  2 electric golems
  Arachne (Spider:2)
  9 doom hounds
  7 iron giants
  A shard shrike zombie (Crypt:1)
  A walking crystal tome (Abyss:4)
  13 Ice Fiends
  6 hellephants
  14 Orb Guardians
  22 tentacled monstrosities
  14 tainted leviathans
  16 Hell Sentinels
  7 liches
  3 deep elf blademasters (Elf:3)
  A quicksilver dragon (shapeshifter) (Zig:9)
  7 quicksilver dragons
  11 titans
  19 ancient champions
  2 deep elf master archers (Elf:3)
  3 tentacled starspawn
  25 searing wretches
  12 acid blobs
  27 Executioners
  11 sphinxes
  2 death cobs
  11 shadow dragons
  12 storm dragons
  4 tengu reavers
  Donald (Vaults:4)
  A revenant (Tomb:1)
  9 draconian monks
  10 rockslimes
  7 protean progenitors
  Roxanne (Spider:1)
  20 azure jellies
  19 draconian knights
  5 fenstrider witches
  6 demonspawn warmongers
  14 daevas (Pan)
  5 fire giants
  27 narguns
  13 vault wardens
  25 balrugs
  12 quicksilver elementals (Dis:7)
  6 emperor scorpions
  6 deep elf sorcerers
  6 draconian shifters
  3 deep elf elementalists (Elf:3)
  8 iron dragons
  14 frost giants
  9 draconian scorchers
  9 ghost moths
  3 spectral caustic shrikes (Tar:3)
  10 draconian stormcallers
  A juggernaut zombie (Crypt:3)
  7 shard shrike simulacra
  32 angels (Pan)
  5 curse skulls
  2 spriggan defenders (Depths:3)
  20 ironbound preservers
  9 spectral juggernauts
  20 cacodemons
  11 ghouls
  19 reapers
  4 demonspawn blood saints
  2 orc warlords
  7 caustic shrike skeletons (Pan)
  7 quicksilver oozes
  9 stone giants
  20 draconian annihilators
  18 very ugly things
  4 formless jellyfish
  7 demonspawn corrupters (Pan)
  6 juggernaut skeletons (Pan)
  29 apis (Pan)
  3 broodmothers
  5 ironbound thunderhulks
  9 ophanim (Pan)
  The ghost of Obbaitis the Bludgeoner, a journeyman MiBe of Trog (Elf:1)
  7 vampire knights
  22 elemental wellsprings
  4 deep elf demonologists
  5 demonspawn black suns
  6 lorocyprocas
  6 eleionomae
  12 green draconians
  5 deep elf death magi
  17 black draconians
  10 dire elephants
  11 wendigos
  3 bunyips
  15 war gargoyles
  5 deep elf annihilators
  16 yellow draconians
  12 purple draconians
  9 putrid mouths
  22 red draconians
  A minotaur (Gauntlet)
  16 white draconians
  4 spark wasps
  18 green deaths
  18 blizzard demons
  15 iron golems
  A merfolk javelineer (Depths:1)
  17 eidola
  A crystal guardian (Hell)
  9 fire dragons
  4 deep elf high priests
  11 mummy priests
  12 ettins
  10 jiangshi
  10 rakshasas
  11 ice dragons
  7 entropy weavers
  A spectral spriggan (Tar:7)
  17 yaktaur captains
  3 spriggan zombies
  28 vault guards
  6 great orbs of eyes
  A spectral fenstrider witch (Tar:1)
  Fannar (D:10)
  11 juggernaut simulacra
  6 caustic shrike simulacra (Coc:7)
  A spriggan air mage (Depths:2)
  A salamander tyrant (Geh:6)
  4 hell beasts
  8 ironbound frosthearts
  9 centaur warriors
  9 stokers
  19 hydras
  A spriggan skeleton (Crypt:2)
  An ogre mage (D:8)
  10 boulder beetles
  A satyr (Abyss:4)
  2 deep troll shamans (Depths:4)
  2 ghost crabs
  10 alligators
  A radroach (Spider:2)
  3 catoblepae
  41 dancing weapons
  4 death knights
  50 hell hogs
  A spectral naga (Tar:3)
  3 deep troll earth magi (Depths:3)
  9 death scarabs
  7 two-headed ogres
  4 titan zombies
  5 thrashing horrors
  7 demonic crawlers
  A spriggan berserker (Depths:2)
  3 spectral dire elephants
  9 tengu warriors
  3 orc high priests
  An occultist (Elf:1)
  9 vampire magi
  7 hell knights
  26 sun demons
  17 soul eaters
  19 deep elf knights
  A titan skeleton (Tomb:2)
  8 crystal echidnas
  3 skysharks
  Sonja (Lair:3)
  10 shadow wraiths
  26 skeletal warriors
  2 storm dragon zombies
  11 iron trolls
  2 wretched stars
  A bunyip zombie (Crypt:3)
  A fire crab (Gauntlet)
  4 hellephant skeletons (Pan)
  8 quicksilver dragon simulacra
  A golden dragon zombie (Crypt:1)
  13 sixfirhies
  19 cherubim (Pan)
  8 spectral anacondas (Tar:2)
  8 swamp dragons
  A spatial maelstrom (Abyss:2)
  16 deep elf archers
  7 pharaoh ants
  9 orb spiders
  An anaconda zombie (Crypt:2)
  5 goliath frogs
  4 flayed ghosts
  5 bog bodies
  4 spriggan druids
  13 glowing orange brains
  5 sun moths
  8 arcanists
  A mana viper (Pan)
  3 spriggan simulacra
  A glowing orange brain (shapeshifter) (Abyss:4)
  60 deep trolls
  10 thermic dynamos
  3 orange crystal statues
  A spectral iron dragon (Tar:1)
  14 shadow demons
  A shadow dragon zombie (Crypt:1)
  18 lindwurms
  26 phantasmal warriors
  A harpy (shapeshifter) (D:14)
  A golden dragon skeleton (Crypt:2)
  An iron giant skeleton (Crypt:1)
  31 deep elf pyromancers
  27 ugly things
  15 ironbound convokers
  5 steelbarb worms
  9 orc knights
  20 wolf spiders
  A lindwurm (shapeshifter) (Vaults:5)
  10 necromancers
  20 deep elf zephyrmancers
  12 harpies
  2 frost giant zombies (Tar:4)
  10 will-o-the-wisps
  8 fire giant zombies (Tar:4)
  31 starcursed masses
  6 shining eyes
  A shadow dragon skeleton (Crypt:2)
  5 orc sorcerers (Orc:2)
  A spectral ettin (Tar:1)
  8 cyclopes
  2 manticores
  Maurice (D:8)
  An iron dragon skeleton (Crypt:2)
  A spectral centaur (Tar:1)
  37 moths of wrath
  An orc zombie (Crypt:1)
  38 large abominations
  4 meliai
  An apocalypse crab (Zig:9)
  6 worldbinders
  A kobold blastminer (Orc:2)
  A centaur zombie (Crypt:1)
  A frost giant skeleton (Crypt:2)
  8 black mambas
  An eye of devastation (Slime:3)
  16 elephants
  5 ice statues
  2 rust devils
  2 water nymphs (Abyss:4)
  18 vault sentinels
  10 cane toads
  3 gargoyles
  4 torpor snails
  3 dire elephant zombies
  38 smoke demons
  4 unseen horrors
  8 molten gargoyles
  3 storm dragon simulacra
  4 titan simulacra
  16 orange demons
  12 komodo dragons
  2 kobold demonologists
  Jeremiah (D:7)
  24 hellions
  5 rime drakes
  2 bunyip simulacra
  A dire elephant skeleton (Tomb:2)
  4 efreet
  27 yaktaurs
  A naga skeleton (Tomb:3)
  18 freezing wraiths
  18 tormentors
  A minotaur zombie (Gauntlet)
  6 anaconda simulacra
  11 ice devils
  5 red devils
  29 guardian mummies
  A tengu conjurer (Gauntlet)
  2 golden dragon simulacra (Coc:7)
  A silent spectre (Tar:3)
  A ghost moth simulacrum (Zot:4)
  6 ancient zymes
  4 iron giant simulacra
  2 spectral harpies (Tar:1)
  A polar bear (Lair:5)
  4 harpy zombies
  A hydra skeleton (Tomb:2)
  19 hellwings
  7 trolls
  A catoblepas skeleton (Crypt:1)
  11 tarantellas
  An alligator simulacrum (Crypt:1)
  A tengu simulacrum (Hell)
  A troll (shapeshifter) (D:14)
  28 blink frogs
  17 jumping spiders
  14 hornets
  11 tyrant leeches
  3 glass eyes
  15 raiju
  5 dream sheep (Lair:4)
  A harpy skeleton (Crypt:1)
  2 iron dragon simulacra (Coc:1)
  Prince Ribbit (D:5)
  2 shadows
  3 air elementals
  17 ushabtiu
  17 wraiths
  64 slime creatures
  19 water elementals
  20 culicivoras
  20 ynoxinuls
  Sigmund (D:5)
  36 yaks
  A vampire (Abyss:4)
  7 dire elephant simulacra
  11 spriggans
  2 fire elementals
  A yak (shapeshifter) (Elf:3)
  3 humans (Pan)
  5 basilisks
  9 fire bats
  15 wyverns
  23 neqoxecs
  5 steam dragons
  A warg (shapeshifter) (D:13)
  51 redbacks
  Edmund (D:5)
  Menkaure (D:7)
  8 chaos spawn
  10 vampire mosquitoes
  8 harpy simulacra
  2 swamp worms (shapeshifter) (Vaults:5)
  7 hydra simulacra
  2 acid dragons
  A spatial vortex (Abyss:2)
  4 naga zombies (Crypt:3)
  14 swamp worms
  Duvessa (D:7)
  8 hell hounds
  A moth of wrath simulacrum (Zot:4)
  12 small abominations
  16 water moccasins
  25 orc warriors
  14 swamp drakes
  A swamp drake (shapeshifter) (Abyss:4)
  A fire dragon simulacrum (Tomb:1)
  2 ice beasts
  A boggart (Elf:1)
  A cane toad skeleton (Crypt:2)
  20 laughing skulls
  3 black bears
  8 ogres
  A tengu (shapeshifter) (D:15)
  4 ettin simulacra
  16 wolves
  15 centaurs
  2 phantoms (D:5)
  A komodo dragon zombie (Crypt:1)
  13 bullfrogs
  7 brain worms
  6 kobold brigands
  4 naga simulacra
  4 earth elementals
  A cane toad simulacrum (IceCv)
  3 gnoll sergeants
  A komodo dragon skeleton (Crypt:2)
  2 scorpions
  12 wyvern skeletons (Crypt:3)
  14 wights
  Dowan (D:7)
  5 killer bees (D:9)
  13 electric eels
  A yak skeleton (Crypt:1)
  A wolf zombie (Crypt:2)
  4 howler monkeys
  3 bombardier beetles
  A quasit (Abyss:2)
  3 hounds
  2 human zombies (Crypt:1)
  5 lava snakes (Lair:5)
  2 iron imps
  6 jellies
  14 orc priests
  A gnoll bouda (D:4)
  4 hell rats
  2 human skeletons (Crypt:1)
  Ijyb (D:2)
  4 iguanas
  A sleepcap (D:3)
  22 orc wizards
  Natasha (thrice) (D:3 D:2)
  A troll simulacrum (IceCv)
  A wolf simulacrum (IceCv)
  33 mummies
  Robin (D:3)
  13 gnolls
  5 adders
  5 white imps
  6 ufetubi
  A ribbon worm (D:3)
  4 dart slugs
  66 orcs
  6 ball pythons
  A bat skeleton (Crypt:1)
  9 endoplasms
  3 giant cockroaches
  21 goblins
  18 hobgoblins
  7 jackals
  7 quokkas
  A river rat zombie (Crypt:2)
  A ball python zombie (Crypt:2)
  7 bats
  5 frilled lizards
  A goblin skeleton (Crypt:1)
  18 kobolds
  9 rats
  2 aspiring fleshes
  5 ballistomycete spores
  11 creeping infernos
  11 fire vortices
  A lurking horror (Abyss:4)
  2 starspawn tentacles (Abyss:4)
3770 creatures vanquished.

Vanquished Creatures (collateral kills)
  3 pandemonium lords
  Asmodeus (Geh:7)
  A dread lich (Geh:7)
  7 orbs of fire
  2 ancient liches (Zot:5)
  9 royal mummies
  A Killer Klown (Zot:5)
  The ghost of Lorhegae the Thaumaturge, a veteran FoDe of Vehumet (Elf:1)
  2 caustic shrikes
  Saint Roka (Elf:3)
  A golden dragon (Zot:2)
  4 Tzitzimimeh (Tar:7)
  An iron giant (Dis:1)
  An electric golem (Zot:5)
  The ghost of Dodessio the Severer, an adept DsGl of Jiyva (Elf:1)
  A doom hound (Tar:7)
  Zenata (Elf:1)
  A lich (Tomb:3)
  4 Hell Sentinels
  An Ice Fiend (Coc:7)
  2 tainted leviathans (Tar:7)
  12 Orb Guardians (Zot:5)
  2 tentacled monstrosities
  5 searing wretches
  A titan (Coc:3)
  A deep elf blademaster (Elf:2)
  5 ancient champions
  A tengu reaver (Vaults:5)
  2 death cobs (Zot:5)
  2 storm dragons
  5 draconian monks
  3 daevas (Pan)
  5 revenants
  2 deep elf sorcerers (Elf:3)
  A quicksilver elemental (Dis:1)
  3 vault wardens
  3 draconian shifters
  4 draconian scorchers
  5 balrugs
  4 deep elf elementalists (Elf:3)
  A draconian annihilator (Zot:2)
  A shard shrike simulacrum (Coc:7)
  The ghost of Famehell the Metamorph, a journeyman OpSh of Gozag (Elf:1)
  2 ironbound preservers
  An ophan (Pan)
  2 demonspawn corrupters (Pan)
  2 caustic shrike skeletons
  2 stone giants
  6 very ugly things
  A quicksilver ooze (Slime:5)
  2 black draconians (Zot:5)
  3 putrid mouths
  2 deep elf death magi (Elf:3)
  4 elemental wellsprings
  2 demonspawn black suns (Pan)
  A green draconian (Zot:1)
  A deep elf annihilator (Elf:3)
  An eleionoma (Swamp:4)
  2 white draconians (Zot:5)
  3 yellow draconians
  6 bennus
  A war gargoyle (Dis:1)
  A spark wasp (Depths:1)
  4 red draconians
  A blizzard demon (Pan)
  10 mummy priests
  2 iron golems
  3 fire dragons
  2 deep elf high priests (Elf:3)
  A spectral spriggan (Tar:6)
  5 vault guards
  3 hydras
  A juggernaut simulacrum (Coc:3)
  A hell beast (Dis:3)
  A radroach (Spider:2)
  2 ghost crabs
  6 dancing weapons
  An alligator (Swamp:2)
  4 death scarabs (Tomb:3)
  An orc high priest (Orc:2)
  A titan zombie (Tomb:3)
  A demonic crawler (Spider:1)
  2 hell hogs (Geh:5)
  A hellephant skeleton (Pan)
  A deep elf knight (Elf:2)
  3 soul eaters (Pan)
  6 sun demons
  7 skeletal warriors
  An iron troll (Hell)
  A quicksilver dragon simulacrum (Coc:2)
  An arcanist (Vaults:1)
  A deep troll (Vaults:1)
  2 shadow demons (Pan)
  2 sixfirhies (Pan)
  A sun moth (Pan)
  A spectral iron dragon (Tar:7)
  A cherub (Pan)
  A fenstrider witch simulacrum (Coc:2)
  A spriggan simulacrum (Coc:7)
  An ironbound convoker (Vaults:5)
  An orc knight (Orc:2)
  2 mana vipers (Pan)
  4 wolf spiders
  A steelbarb worm (Spider:2)
  A necromancer (Vaults:5)
  2 deep elf pyromancers (Elf:1)
  A thermic dynamo (Elf:3)
  4 deep elf zephyrmancers
  A harpy (Vaults:2)
  A will-o-the-wisp (Swamp:2)
  2 ugly things
  2 moths of wrath
  An apocalypse crab (Zig:9)
  A kobold blastminer (Orc:1)
  2 torpor snails
  A centaur zombie (Tomb:3)
  3 smoke demons (Pan)
  A naga skeleton (Tomb:3)
  An ice devil (Hell)
  An anaconda simulacrum (IceCv)
  A komodo dragon (Lair:5)
  2 freezing wraiths
  2 tormentors
  4 hellions
  29 guardian mummies
  2 hornets
  A merfolk (shapeshifter) (Vaults:5)
  2 trolls
  2 jumping spiders (Spider:1)
  3 tarantellas
  A glass eye (shapeshifter) (Zig:9)
  A blink frog (Lair:3)
  A raiju (Abyss:4)
  A stone giant simulacrum (Coc:2)
  A centaur simulacrum (Coc:2)
  4 culicivoras
  6 slime creatures
  A wraith (D:13)
  2 ushabtiu (Tomb:2)
  2 yaks
  A ynoxinul (Pan)
  A water elemental (Abyss:4)
  2 basilisks
  10 redbacks
  A warg (Orc:2)
  2 chaos spawn
  A swamp worm (Swamp:1)
  A harpy simulacrum (Coc:2)
  A water moccasin (Lair:3)
  An acid dragon (D:9)
  3 swamp drakes (Swamp:4)
  An orc warrior (Bailey)
  A kobold brigand (D:9)
  An earth elemental (Elf:3)
  2 starcursed masses (Abyss:4)
  An orc wizard (Orc:1)
  3 hell rats (Hell)
  13 mummies
  2 gnolls (D:10)
  6 orcs
  An endoplasm (Lair:4)
  A ball lightning (Pan)
  277 ballistomycete spores
  3 fire vortices
  A lurking horror (Abyss:4)
682 creatures vanquished.

Vanquished Creatures (others)
  3 caustic shrikes
  3 doom hounds (Tar:7)
  A tentacled monstrosity (Zig:7)
  A death cob (Zot:1)
  An eldritch tentacle (Pan)
  A tentacled starspawn (Abyss:4)
  A thorn hunter (Swamp:4)
  A deep elf sorcerer (Abyss:4)
  2 shard shrike simulacra
  An ironbound preserver (Vaults:1)
  A draconian annihilator (Pan)
  A demonspawn blood saint (Pan)
  A lorocyproca (Hell)
  An eleionoma (Zig:7)
  A spark wasp (Depths:1)
  3 shambling mangroves
  A slime creature (Slime:4)
  A caustic shrike simulacrum (Coc:6)
  A hydra (Swamp:4)
  A juggernaut simulacrum (Coc:5)
  2 deep elf knights
  A swamp dragon (Zig:5)
  A deep elf pyromancer (Elf:3)
  A deep elf zephyrmancer (Elf:1)
  An oklob plant (Spider:2)
  A worldbinder (Abyss:4)
  A molten gargoyle (Hell)
  A titan simulacrum (Coc:7)
  2 large abominations (Pan)
  2 hellions (Geh:5)
  An anaconda simulacrum (Coc:3)
  A golden dragon simulacrum (Zot:4)
  2 tormentors (Geh:5)
  A bloated husk (Zig:7)
  5 hornets
  A stone giant simulacrum (Coc:5)
  A spriggan (Swamp:3)
  A human (Pan)
  2 redbacks
  A swamp worm (Swamp:2)
  A naga simulacrum (Coc:7)
  A mummy (Tomb:2)
  11 ball lightnings (Pan)
  47 ballistomycete spores
  3 creeping infernos
  A fire vortex (Pan)
  28 foxfires
  7 starspawn tentacles (Abyss:4)
155 creatures vanquished.

Grand Total: 4607 creatures vanquished

Notes
Turn   | Place    | Note
-------+----------+-------------------------------------------
     0 | D:1      | gameguard the Demonspawn Hunter began the quest for the
                  | Orb.
     0 | D:1      | Reached XP level 1. HP: 16/16 MP: 1/1
   234 | D:1      | Gained mutation: You are surrounded by a mild repulsion
                  | field. (EV +2) [demonic ancestry]
   234 | D:1      | Reached XP level 2. HP: 22/22 MP: 2/2
   310 | D:1      | You fall into a shaft and drop 1 floor!
   644 | D:1      | Gained mutation: You sometimes gain a little power by
                  | taking damage. [demonic ancestry]
   644 | D:1      | Reached XP level 3. HP: 28/28 MP: 3/3
  1128 | D:2      | Reached skill level 1 in Armour
  1128 | D:2      | Gained mutation: You have a small tail. [demonic ancestry]
  1128 | D:2      | Reached XP level 4. HP: 20/34 MP: 4/4
  1626 | D:3      | Noticed Ijyb
  1656 | D:2      | Killed Ijyb
  1657 | D:2      | Reached skill level 5 in Ranged Weapons
  1725 | D:3      | Gained mutation: You sometimes gain power by taking damage.
                  | [demonic ancestry]
  1725 | D:3      | Reached XP level 5. HP: 41/41 MP: 5/5
  1761 | D:3      | Noticed Natasha
  1767 | D:3      | Killed Natasha
  1780 | D:3      | Noticed Robin
  1786 | D:3      | Noticed Natasha
  2011 | D:2      | Killed Natasha
  2012 | D:2      | Reached skill level 1 in Evocations
  2046 | D:3      | Killed Robin
  2280 | D:3      | Found a runed translucent door.
  2281 | D:3      | Noticed Crazy Yiuf
  2387 | D:3      | Found a broken altar of Ashenzari.
  2737 | D:4      | Reached XP level 6. HP: 48/48 MP: 6/6
  2843 | D:4      | Identified the +0 robe "Xamafer" {Harm MP+9}
  3624 | D:5      | Entered Level 5 of the Dungeon
  3624 | D:5      | Noticed Edmund
  3973 | D:5      | Gained mutation: You have hidden genetic potential. [potion
                  | of mutation]
  3973 | D:5      | Lost mutation: You have hidden genetic potential. [potion
                  | of mutation]
  3973 | D:5      | Gained mutation: Your mind is acute. (Int +4, Str/Dex -1)
                  | [potion of mutation]
  3980 | D:5      | Gained mutation: You are surrounded by a moderate repulsion
                  | field. (EV +3) [demonic ancestry]
  3980 | D:5      | Reached XP level 7. HP: 22/54 MP: 7/7
  4255 | D:5      | Found a stormy altar of Qazlal.
  4255 | D:5      | Found a hazy altar of Hepliaklqana.
  4372 | D:5      | Found a staircase to the Ecumenical Temple.
  4378 | Temple   | Entered the Ecumenical Temple
  4437 | Temple   | Became a worshipper of Fedhas Madash
  4852 | D:5      | Killed Edmund
  4853 | D:5      | Reached skill level 5 in Fighting
  4917 | D:5      | Noticed Sigmund
  4920 | D:5      | Killed Sigmund
  4921 | D:5      | Reached XP level 8. HP: 62/62 MP: 8/8
  5023 | D:5      | Noticed Prince Ribbit
  5030 | D:5      | Killed Prince Ribbit
  5031 | D:5      | Reached skill level 1 in Invocations
  5338 | D:6      | Reached * piety under Fedhas
  6273 | D:7      | Noticed Menkaure
  6342 | D:7      | Killed Menkaure
  6343 | D:7      | Reached XP level 9. HP: 17/69 MP: 11/11
  6805 | D:7      | Noticed Jeremiah
  6836 | D:7      | Killed Jeremiah
  6866 | D:7      | Reached ** piety under Fedhas
  6891 | D:7      | Noticed Dowan
  7043 | D:7      | Killed Dowan
  7076 | D:7      | Noticed Duvessa
  7102 | D:7      | Killed Duvessa
  7356 | D:7      | Reached skill level 5 in Invocations
  7558 | D:8      | Found a snail-covered altar of Cheibriados.
  7612 | D:8      | Noticed an ogre mage
  7624 | D:8      | Paralysed by an ogre mage for 5 turns
  7634 | D:8      | Killed an ogre mage
  7635 | D:8      | Reached skill level 10 in Ranged Weapons
  7635 | D:8      | Gained mutation: You punish those that try to bend your
                  | will. (Will+) [demonic ancestry]
  7635 | D:8      | Reached XP level 10. HP: 50/79 MP: 14/14
  7639 | D:8      | Identified the amulet of Naat {Faith Str+5}
  7655 | D:8      | Identified the ring "Ohisuuc" {Will+ Str+3 Dex+2 SInv}
  7806 | D:8      | Identified a scroll of acquirement
  7806 | D:8      | Acquired a manual of Long Blades
  8037 | D:8      | Found a flagged portal.
  8050 | Bailey   | Entered a bailey
  8114 | Bailey   | Reached *** piety under Fedhas
  8131 | Bailey   | Noticed an orc knight
  8152 | Bailey   | Killed an orc knight
  8175 | Bailey   | Noticed an orc knight
  8206 | Bailey   | Killed an orc knight
  8288 | Bailey   | Acquired a manual of Armour
  8420 | Bailey   | Noticed an orc high priest
  8440 | Bailey   | Noticed a sun demon
  8456 | Bailey   | Found an iron altar of Okawaru.
  8525 | Bailey   | Got Cyatted's Codex of Iotic Curses
  8692 | Bailey   | Killed an orc high priest
  9848 | D:8      | Noticed Maurice
 10043 | D:9      | Gained mutation: You have a tail ending in a sharp stinger.
                  | [demonic ancestry]
 10043 | D:9      | Reached XP level 11. HP: 87/87 MP: 17/17
 10764 | D:9      | Reached **** piety under Fedhas
 11157 | D:9      | Noticed a two-headed ogre
 11169 | D:9      | Killed a two-headed ogre
 11319 | D:9      | Noticed a two-headed ogre
 11322 | D:9      | Reached skill level 5 in Dodging
 11339 | D:9      | Killed a two-headed ogre
 11474 | D:10     | Entered Level 10 of the Dungeon
 11606 | D:10     | Noticed Fannar
 11622 | D:10     | Killed Fannar
 11660 | D:10     | Noticed a tengu warrior
 11676 | D:10     | Killed a tengu warrior
 11681 | D:10     | Found a staircase to the Lair.
 11686 | D:10     | Reached skill level 5 in Armour
 11762 | D:10     | Identified the +2 morningstar "Moubomp" {drain, rC+ Int+2
                  | Dex+2}
 11979 | D:10     | Noticed a two-headed ogre
 11987 | D:10     | Killed a two-headed ogre
 12125 | D:10     | Found an opulent altar of Gozag.
 12371 | D:10     | Found a staircase to the Orcish Mines.
 12705 | Lair:1   | Entered Level 1 of the Lair of Beasts
 12731 | Lair:1   | Reached XP level 12. HP: 83/96 MP: 19/19
 12804 | Lair:1   | Reached skill level 10 in Invocations
 13260 | Lair:1   | Noticed a boulder beetle
 13276 | Lair:1   | Killed a boulder beetle
 13349 | Lair:1   | Found a transporter.
 13437 | Lair:1   | Noticed jestert79's ghost (journeyman DsSh)
 13444 | Lair:1   | Found a transporter.
 13808 | D:8      | Killed Maurice
 14163 | Lair:2   | Identified the +12 short sword of Mamabug {flame, rElec rN+
                  | Will+ Str-2}
 14167 | Lair:2   | Found a staircase to the Swamp.
 14183 | Lair:2   | Reached skill level 5 in Evocations
 14269 | Lair:2   | Reached skill level 10 in Fighting
 14337 | Lair:2   | Acquired 728 gold pieces
 15154 | Lair:3   | Found a frozen archway.
 15172 | Lair:3   | Reached ***** piety under Fedhas
 15179 | IceCv    | Entered an ice cave
 15503 | IceCv    | Gained mutation: You are surrounded by a strong repulsion
                  | field. (EV +4, RMsl) [demonic ancestry]
 15503 | IceCv    | Reached XP level 13. HP: 90/104 MP: 21/21
 15999 | IceCv    | Got the Vellum of Hypothermia
 16237 | Lair:3   | Found a hole to the Spider Nest.
 16302 | Lair:3   | Noticed Sonja
 16304 | Lair:3   | Killed Sonja
 17028 | Lair:4   | Found a viscous altar of Jiyva.
 17028 | Lair:4   | Found a staircase to the Slime Pits.
 17278 | Lair:4   | Reached ****** piety under Fedhas
 17883 | Lair:5   | Entered Level 5 of the Lair of Beasts
 17984 | Lair:5   | Gained mutation: You regenerate magic rapidly. [demonic
                  | ancestry]
 17984 | Lair:5   | Reached XP level 14. HP: 113/113 MP: 20/23
 18445 | Lair:5   | Reached skill level 15 in Ranged Weapons
 18550 | Lair:5   | Found a large runed translucent door.
 18551 | Lair:5   | Found a large runed translucent door.
 19938 | Lair:5   | Got the Elucidation of the Fair Folk
 20266 | Orc:1    | Entered Level 1 of the Orcish Mines
 20528 | Orc:2    | Entered Level 2 of the Orcish Mines
 20854 | Orc:2    | Found a staircase to the Elven Halls.
 21404 | Orc:2    | Found Tedophiq's Antique Weapon Emporium.
 21404 | Orc:2    | Found Hucwut's Jewellery Shop.
 21406 | Orc:2    | Found Beirega's Magic Scroll Emporium.
 21406 | Orc:2    | Found Lanir's Weapon Shop.
 21435 | Orc:2    | Bought a scroll of blinking for 105 gold pieces
 21435 | Orc:2    | Bought a scroll of noise for 14 gold pieces
 21439 | Orc:2    | Bought a ring of protection from cold for 450 gold pieces
 21442 | Orc:2    | Bought a scroll of identify for 28 gold pieces
 21442 | Orc:2    | Bought a scroll of identify for 28 gold pieces
 21444 | Orc:2    | Bought a scroll of identify for 28 gold pieces
 21444 | Orc:2    | Bought a scroll of identify for 28 gold pieces
 22230 | D:11     | Reached XP level 15. HP: 122/122 MP: 25/25
 22919 | D:12     | Found Fyklaori's Assorted Antiques.
 22927 | D:12     | Bought a scroll of teleportation for 60 gold pieces
 22947 | D:12     | Got Ohyoh's Guide on Wanderlust and Soot
 23070 | D:12     | Found a roughly hewn altar of Beogh.
 23375 | D:12     | Found Cusix's Magic Scroll Shoppe.
 23378 | D:12     | Bought a scroll of revelation for 112 gold pieces
 23433 | D:13     | Found a gate leading to a gauntlet.
 23470 | Gauntlet | Entered a Gauntlet
 23470 | Gauntlet | Found a transporter.
 23470 | Gauntlet | Found a transporter.
 23470 | Gauntlet | Found a runed translucent gate.
 23472 | Gauntlet | Found a runed translucent gate.
 23473 | Gauntlet | Found a runed translucent gate.
 23476 | Gauntlet | Found a transporter.
 23478 | Gauntlet | Found a transporter.
 23478 | Gauntlet | Found a transporter.
 23481 | Gauntlet | Found a transporter.
 23512 | Gauntlet | Found a transporter.
 23514 | Gauntlet | Found a transporter.
 23514 | Gauntlet | Found a transporter.
 23535 | Gauntlet | Found a transporter.
 23542 | Gauntlet | Found a transporter.
 23552 | Gauntlet | Found a transporter.
 23556 | Gauntlet | Found a transporter.
 23590 | Gauntlet | Found a transporter.
 23689 | Gauntlet | Reached skill level 15 in Invocations
 23836 | Gauntlet | Identified the +2 pair of boots of Slovenliness {rC++ rN+
                  | Dex+4 Slay-2}
 23879 | Gauntlet | Got Gupruo's Useful Hermeneutics
 24640 | Gauntlet | Identified the +5 quarterstaff "Itawoffu" {freeze, Will+
                  | Str+3 SInv}
 25868 | D:14     | Found the ring of the Hare {EV+10}
 26314 | D:14     | Found Yteag's Overcharged Wands.
 26321 | D:14     | Bought a wand of digging (11) for 693 gold pieces
 26449 | D:14     | Found a gate to the Vaults.
 27086 | D:15     | Entered Level 15 of the Dungeon
 27417 | D:15     | Reached skill level 10 in Evocations
 27511 | D:15     | Found a staircase to the Depths.
 27708 | D:15     | Identified the +4 flail "Zuruceth" {drain, rN+ SInv}
 27765 | D:15     | Acquired 1039 gold pieces
 27776 | D:15     | Acquired the +2 helmet of the Villain {Will+ Str+6 Stlth+}
 27818 | D:15     | Reached XP level 16. HP: 134/134 MP: 28/28
 28259 | Swamp:1  | Entered Level 1 of the Swamp
 30460 | Swamp:2  | Found a runed translucent door.
 30743 | Swamp:2  | Identified the +0 leather armour of Tuizo {Rampage Str-3
                  | SInv Stlth+}
 31297 | Swamp:3  | Noticed a thorn hunter
 31366 | Swamp:3  | Reached skill level 10 in Armour
 31452 | Swamp:3  | Reached skill level 15 in Fighting
 31847 | Swamp:4  | Entered Level 4 of the Swamp
 31866 | Swamp:4  | Killed a thorn hunter
 32061 | Swamp:4  | Got a decaying rune of Zot
 32140 | Swamp:4  | Reached XP level 17. HP: 131/142 MP: 30/30
 33156 | Spider:1 | Entered Level 1 of the Spider Nest
 33274 | Spider:1 | Reached skill level 10 in Dodging
 34078 | Spider:1 | Noticed Roxanne
 34108 | Spider:1 | Killed Roxanne
 35400 | Spider:2 | Noticed Arachne
 35433 | Spider:2 | Killed Arachne
 36718 | Spider:4 | Entered Level 4 of the Spider Nest
 37070 | Spider:4 | Reached XP level 18. HP: 140/152 MP: 31/31
 38139 | Spider:4 | Got a gossamer rune of Zot
 38497 | Elf:1    | Entered Level 1 of the Elven Halls
 38673 | Elf:1    | Noticed Nikola
 38685 | Elf:1    | Killed Nikola
 39178 | Elf:1    | Found a runed translucent gate.
 39178 | Elf:1    | Found a runed translucent gate.
 39178 | Elf:1    | Found a runed translucent gate.
 39178 | Elf:1    | Noticed Famehell's ghost (journeyman OpSh)
 39178 | Elf:1    | Noticed Obbaitis's ghost (journeyman MiBe)
 39178 | Elf:1    | Noticed Edofruc's ghost (adept DrMo)
 39179 | Elf:1    | Noticed Lorhegae's ghost (veteran FoDe)
 39180 | Elf:1    | Noticed Dodessio's ghost (adept DsGl)
 39186 | Elf:1    | Found Wefiex's Distillery.
 39231 | Elf:1    | Bought a potion of heal wounds for 70 gold pieces
 39231 | Elf:1    | Bought a potion of heal wounds for 70 gold pieces
 39231 | Elf:1    | Bought a potion of curing for 42 gold pieces
 39231 | Elf:1    | Bought a potion of resistance for 140 gold pieces
 39231 | Elf:1    | Bought a potion of curing for 42 gold pieces
 39231 | Elf:1    | Bought a potion of haste for 140 gold pieces
 39273 | Elf:1    | Noticed Zenata
 39295 | Elf:1    | Killed Zenata
 39565 | Elf:1    | Acquired 620 gold pieces
 39611 | Elf:1    | Found Vum Higguil's CLEARANCE SALE!.
 40016 | Elf:1    | Killed Edofruc's ghost
 40036 | Elf:1    | Killed Dodessio's ghost
 40036 | Elf:1    | Killed Famehell's ghost
 40069 | Elf:1    | Killed Obbaitis's ghost
 40075 | Elf:1    | Killed Lorhegae's ghost
 40108 | Elf:1    | Identified the +2 pair of gloves of the Sacrificial Victim
                  | {Int+4 Stlth+}
 40454 | Elf:2    | Reached XP level 19. HP: 161/161 MP: 33/33
 40841 | Elf:2    | Found a huge runed translucent gate.
 40841 | Elf:2    | Found a huge runed translucent gate.
 40848 | Elf:2    | Found a huge runed translucent gate.
 40871 | Elf:2    | Found a huge runed translucent gate.
 40871 | Elf:2    | Found a huge runed translucent gate.
 41493 | Elf:3    | Entered Level 3 of the Elven Halls
 41536 | Elf:3    | Found Boeprosm's Tiny Tomes.
 41558 | Elf:3    | Found Uthrisch's Antique Armour Boutique.
 41584 | Elf:3    | Identified the +3 rapier "Sutzadaq" {elec, rPois Int+9
                  | Stlth+}
 41657 | Elf:3    | Reached skill level 1 in Long Blades
 42397 | Elf:3    | Paralysed by an air elemental for 1 turns
 42665 | Elf:3    | Reached skill level 5 in Long Blades
 43051 | Elf:3    | Identified the ring "Foulirph" {Wiz +Blink Will+}
 43057 | Elf:3    | Identified the +4 spear "Likun" {antimagic, rPois Dex+2}
 43059 | Elf:3    | Identified the +5 broad axe of Equilibrium {venom, rPois
                  | rC+ Will+ Dex-3}
 43059 | Elf:3    | Noticed Saint Roka
 43067 | Elf:3    | Identified the staff "Uvougraoru" {rC+ Str+3 Dex+3 Conj
                  | Ice}
 43083 | Elf:3    | Killed Saint Roka
 43652 | Elf:3    | Got Reaff's Vademecum on Alchemical Lightning
 44152 | D:12     | Bought a scroll of enchant armour for 112 gold pieces
 44152 | D:12     | Bought a scroll of fog for 60 gold pieces
 44152 | D:12     | Bought a scroll of teleportation for 45 gold pieces
 44188 | D:12     | Bought a potion of mutation for 160 gold pieces
 44225 | D:14     | Bought a wand of acid (18) for 1134 gold pieces
 44225 | D:14     | Bought a wand of iceblast (18) for 648 gold pieces
 44292 | Vaults:1 | Entered Level 1 of the Vaults
 44694 | Vaults:1 | Reached XP level 20. HP: 172/172 MP: 35/35
 46463 | Vaults:2 | Found a staircase to the Crypt.
 46486 | Vaults:2 | HP: 2/174 [spore (71)]
 47203 | Vaults:2 | Identified the +4 robe of Kathenotheism {Str+3 Stlth+}
 47203 | Vaults:2 | Noticed Boris
 47211 | Vaults:2 | Killed Boris
 47390 | Vaults:2 | Identified the ring "Vifausote" {Wiz rC++ Str-2 Int+5}
 48065 | Vaults:2 | Gained mutation: You are resistant to unholy torment.
                  | [demonic ancestry]
 48065 | Vaults:2 | Reached XP level 21. HP: 181/181 MP: 36/36
 48071 | Vaults:2 | Found Xapnuwen's Book Shoppe.
 48082 | Vaults:2 | Learned a level 2 spell: Blink
 48087 | Vaults:2 | Learned a level 4 spell: Dimensional Bullseye
 48092 | Vaults:2 | Learned a level 4 spell: Passage of Golubria
 48097 | Vaults:2 | Learned a level 4 spell: Vhi's Electric Charge
 48539 | Vaults:3 | Reached skill level 1 in Air Magic
 48593 | Vaults:3 | Reached skill level 1 in Spellcasting
 48593 | Vaults:3 | Reached skill level 1 in Hexes
 48593 | Vaults:3 | Reached skill level 1 in Translocations
 50045 | Vaults:4 | Identified the orb of Relativism {light, *Corrode Str+4
                  | SInv}
 50045 | Vaults:4 | Noticed Frederick
 50060 | Vaults:4 | Killed Frederick
 50487 | Vaults:4 | Noticed Donald
 50496 | Vaults:4 | Killed Donald
 51107 | Depths:1 | Entered Level 1 of the Depths
 51113 | Depths:1 | Found a shadowy altar of Dithmenos.
 51571 | Depths:1 | Found a one-way gate to the infinite horrors of the Abyss.
 51633 | Depths:1 | Found a gateway to Hell.
 51953 | Depths:1 | Found a one-way gate leading to the halls of Pandemonium.
 51961 | Depths:1 | Reached skill level 5 in Air Magic
 52048 | Depths:1 | Found a one-way gateway to a ziggurat.
 52522 | Depths:2 | Found a flickering gateway to a bazaar.
 52533 | Bazaar   | Entered a bazaar
 52665 | Bazaar   | Found Elehyis's Armour Shoppe.
 52694 | Bazaar   | Found Innuluco's Weapon Emporium.
 53172 | Depths:2 | Found Acvez's Jewellery Emporium.
 53175 | Depths:2 | Found Tiridd's Book Shop.
 53176 | Depths:2 | Found Siaqequm's Jewellery Emporium.
 53186 | Depths:2 | Bought the amulet "Huveul" {Spirit rPois rCorr Dex+4} for
                  | 938 gold pieces
 53348 | Depths:2 | Noticed a golden dragon
 53352 | Depths:2 | Killed a golden dragon
 53353 | Depths:2 | Gained mutation: You have a sharp stinger which inflicts
                  | weakening toxins. [demonic ancestry]
 53353 | Depths:2 | Reached XP level 22. HP: 190/190 MP: 38/38
 54702 | Depths:3 | Found a sparkling altar of Nemelex Xobeh.
 54722 | Depths:3 | Reached skill level 5 in Hexes
 54886 | Depths:4 | Entered Level 4 of the Depths
 54919 | Depths:4 | Noticed a juggernaut
 54928 | Depths:4 | Killed a juggernaut
 55537 | Depths:4 | Reached skill level 5 in Translocations
 55695 | Depths:4 | Found Ifakuck's General Store.
 55867 | Depths:4 | Noticed a golden dragon
 55884 | Depths:4 | Killed a golden dragon
 55896 | Depths:4 | Found a gate to the Realm of Zot.
 55963 | Depths:4 | Noticed a golden dragon
 55970 | Depths:4 | Killed a golden dragon
 56362 | Depths:4 | Identified the scarf of the Arcane {+Inv, Rampage +Blink
                  | rPois}
 56754 | Vaults:5 | Entered Level 5 of the Vaults
 56839 | Vaults:5 | Noticed a golden dragon
 56842 | Vaults:5 | Killed a golden dragon
 56986 | Vaults:5 | Gained mutation: When hurt, damage is shared between your
                  | health and your magic reserves. [demonic ancestry]
 56986 | Vaults:5 | Reached XP level 23. HP: 198/198 MP: 39/39
 57030 | Vaults:5 | Identified the +0 trident "Saomuc" {spect, Int+5}
 57167 | Vaults:5 | Found Moymil's Distillery.
 57235 | Vaults:5 | Bought a potion of haste for 120 gold pieces
 57235 | Vaults:5 | Bought a potion of heal wounds for 60 gold pieces
 57235 | Vaults:5 | Bought a potion of lignification for 36 gold pieces
 57396 | Vaults:5 | Identified the +12 quarterstaff of the Final Deaths
                  | {antimagic, rN+ Str+3 Stlth+}
 57445 | Vaults:5 | Identified the +6 dagger of Wodil {antimagic, Fly Dex+5}
 57462 | Vaults:5 | Identified the staff "Seciec" {rPois rN+ Int+2 Necro}
 57728 | Vaults:5 | Identified the +5 sling of Sung {speed, rF+ rN+++ Dex-4}
 57774 | Vaults:5 | Noticed a dread lich
 57781 | Vaults:5 | Killed a dread lich
 57929 | Vaults:5 | Got a silver rune of Zot
 58023 | Vaults:5 | Found the +3 hat of Pondering {ponderous, Will+ MP+10
                  | Int+5}
 58055 | Vaults:5 | Identified the +0 plate armour of Xinu {Fly rF+ Str-4
                  | Int+4}
 58481 | Vaults:5 | Bought a potion of curing for 36 gold pieces
 58481 | Vaults:5 | Bought a potion of might for 48 gold pieces
 58481 | Vaults:5 | Bought a potion of enlightenment for 60 gold pieces
 58481 | Vaults:5 | Bought a potion of curing for 36 gold pieces
 58839 | Slime:1  | Entered Level 1 of the Pits of Slime
 58856 | Slime:1  | Reached skill level 1 in Shapeshifting
 59225 | Slime:5  | Entered Level 5 of the Pits of Slime
 59317 | Slime:5  | Noticed the Royal Jelly
 59331 | Slime:5  | Killed the Royal Jelly
 59585 | Slime:5  | Identified the staff of Obiter Dictum {rElec rPois rN+
                  | Earth}
 59588 | Slime:5  | Identified the ring of the Mauling Gods {rF+ AC+4 Dex+5}
 59596 | Slime:5  | Identified the amulet of the Devil's Team {Acrobat rPois
                  | rF++ Str+2 Slay-5}
 59606 | Slime:5  | Identified the +6 dagger of Untruth {freeze, *Noise rN+
                  | Int+3 Dex+2}
 59650 | Slime:5  | Identified the +4 ring mail of Curiosity {Int+3}
 59687 | Slime:5  | Got a slimy rune of Zot
 59691 | Slime:5  | Identified the +0 mace "Verimal" {freeze, rElec MP+9 Str+5
                  | Dex-3}
 59719 | Slime:5  | Identified the +1 robe "Caerhim" {rC- rCorr Int+2 Archmagi}
 59747 | Slime:5  | Reached skill level 5 in Shapeshifting
 60106 | Crypt:1  | Entered Level 1 of the Crypt
 60565 | Crypt:1  | Noticed Jory
 60574 | Crypt:1  | Killed Jory
 60648 | Crypt:1  | Gained mutation: When low on magic, you restore magic in
                  | place of health. [demonic ancestry]
 60648 | Crypt:1  | Reached XP level 24. HP: 202/206 MP: 38/39
 60730 | Crypt:1  | Reached skill level 5 in Spellcasting
 60787 | Crypt:1  | Noticed a royal mummy
 60907 | Crypt:1  | Killed a royal mummy
 61155 | Crypt:1  | Noticed a royal mummy
 61165 | Crypt:1  | Killed a royal mummy
 61179 | Crypt:1  | Noticed a royal mummy
 61187 | Crypt:1  | Killed a royal mummy
 61358 | Crypt:1  | Found the +7 sceptre of Torment {pain, torment}
 61991 | Crypt:2  | Identified the +3 ring mail of Context {Dex+5}
 62361 | Crypt:3  | Entered Level 3 of the Crypt
 62526 | Crypt:3  | Identified the +2 ring mail "Woaps" {*Corrode Fly rC++
                  | Stlth+}
 62925 | Crypt:3  | Got the Papyrus of Boreal Solvents
 62926 | Crypt:3  | Identified the +6 mace "Adat" {drain, rC+ rN+}
 62927 | Crypt:3  | Identified the +0 chain mail of Eternal Vigilance {Fly
                  | Will++ Int-4}
 62929 | Crypt:3  | Got the Vademecum on Remains
 63041 | Crypt:3  | Reached skill level 10 in Shapeshifting
 63215 | Crypt:3  | Found a basalt altar of Yredelemnul.
 64141 | Crypt:3  | Found a staircase to the Tomb.
 64600 | Crypt:3  | Acquired the +1 helmet of Eternal Vigilance {rPois Regen+
                  | Str+3 Dex+3}
 64972 | Zot:1    | Entered Level 1 of the Realm of Zot
 65431 | Zot:1    | Reached XP level 25. HP: 186/212 MP: 36/39
 66751 | Zot:2    | Reached skill level 15 in Shapeshifting
 67188 | Zot:2    | Noticed an orb of fire
 67195 | Zot:2    | Killed an orb of fire
 67195 | Zot:2    | Noticed an orb of fire
 67198 | Zot:2    | Killed an orb of fire
 67261 | Zot:2    | Found a candlelit altar of Ignis.
 67261 | Zot:2    | Identified the +0 trident "Fetsosusch" {freeze, Str+4 Int+4
                  | Dex+4}
 67276 | Zot:2    | Identified the +1 fire dragon scales "Keanuce" {rF++ rC-
                  | MP+9 SInv}
 67344 | Zot:2    | Identified the +2 orcbow of the Unstoppable Xalams {freeze,
                  | Str+3}
 68692 | Zot:4    | Gained mutation: You are powered by pain. [demonic
                  | ancestry]
 68692 | Zot:4    | Reached XP level 26. HP: 194/220 MP: 7/39
 69069 | Zot:4    | Identified the ring "Hoaschuic" {Ice rN++ Dex+2}
 69069 | Zot:4    | Noticed Josephina
 69084 | Zot:4    | Killed Josephina
 69534 | Zot:4    | Identified the ring "Guber" {rC+ Will- Str+2 Dex+6}
 70181 | Orc:2    | Bought a talisman of death for 1440 gold pieces
 70431 | Depths:1 | Learned a level 3 spell: Swiftness
 70433 | Hell     | Entered the Vestibule of Hell
 70433 | Hell     | Noticed Geryon
 70486 | Hell     | Killed Geryon
 70796 | Hell     | Found a gateway to the Iron City of Dis.
 70889 | Hell     | Found a gateway to the freezing wastes of Cocytus.
 71000 | Hell     | Found a gateway to the decaying netherworld of Tartarus.
 71102 | Hell     | Found a gateway to the ashen valley of Gehenna.
 71260 | Geh:1    | Entered Level 1 of Gehenna
 71760 | Geh:5    | Noticed an ancient lich
 71760 | Geh:5    | Noticed an ancient lich
 71760 | Geh:5    | Noticed an ancient lich
 71760 | Geh:5    | Noticed an ancient lich
 71773 | Hell     | Killed an ancient lich
 71778 | Hell     | Killed an ancient lich
 71961 | Geh:5    | Killed an ancient lich
 71968 | Geh:5    | Killed an ancient lich
 71997 | Geh:5    | Gained mutation: You can hurl damnation. [demonic ancestry]
 71997 | Geh:5    | Reached XP level 27. HP: 166/226 MP: 39/39
 72452 | Geh:7    | Entered Level 7 of Gehenna
 72631 | Geh:7    | Noticed a dread lich
 72640 | Geh:7    | Killed a dread lich
 72684 | Geh:7    | Noticed the Serpent of Hell
 72700 | Geh:7    | Killed the Serpent of Hell
 73284 | Geh:7    | Found the +13 sceptre of Asmodeus
 73284 | Geh:7    | Noticed Asmodeus
 73301 | Geh:7    | Killed Asmodeus
 73313 | Geh:7    | Got an obsidian rune of Zot
 73607 | Hell     | Lost mutation: Your mind is acute. (Int +4, Str/Dex -1)
                  | [potion of mutation]
 73607 | Hell     | Gained mutation: You occasionally shout uncontrollably at
                  | your foes. [potion of mutation]
 73608 | Hell     | Lost mutation: You occasionally shout uncontrollably at
                  | your foes. [potion of mutation]
 73608 | Hell     | Gained mutation: You do not regenerate when monsters are
                  | visible. [potion of mutation]
 73609 | Hell     | Lost mutation: You do not regenerate when monsters are
                  | visible. [potion of mutation]
 73609 | Hell     | Gained mutation: You are somewhat resistant to further
                  | mutation. [potion of mutation]
 73610 | Hell     | Lost mutation: You are somewhat resistant to further
                  | mutation. [potion of mutation]
 73610 | Hell     | Gained mutation: You passively dampen the noise of your
                  | surroundings. [potion of mutation]
 73610 | Hell     | Gained mutation: Your flesh is cold resistant. (rC+)
                  | [potion of mutation]
 73610 | Hell     | Gained mutation: You are agile. (Dex +4, Str/Int -1)
                  | [potion of mutation]
 73611 | Hell     | Lost mutation: You are agile. (Dex +4, Str/Int -1) [potion
                  | of mutation]
 73611 | Hell     | Lost mutation: You passively dampen the noise of your
                  | surroundings. [potion of mutation]
 73611 | Hell     | Lost mutation: Your flesh is cold resistant. (rC+) [potion
                  | of mutation]
 73611 | Hell     | Gained mutation: You have very sharp teeth. [potion of
                  | mutation]
 73611 | Hell     | Gained mutation: You are agile. (Dex +4, Str/Int -1)
                  | [potion of mutation]
 73612 | Hell     | Lost mutation: You have very sharp teeth. [potion of
                  | mutation]
 73612 | Hell     | Lost mutation: You are agile. (Dex +4, Str/Int -1) [potion
                  | of mutation]
 73612 | Hell     | Gained mutation: Your flesh is cold resistant. (rC+)
                  | [potion of mutation]
 73612 | Hell     | Lost mutation: Your flesh is cold resistant. (rC+) [potion
                  | of mutation]
 73612 | Hell     | Gained mutation: You do not regenerate when monsters are
                  | visible. [potion of mutation]
 73613 | Hell     | Lost mutation: You do not regenerate when monsters are
                  | visible. [potion of mutation]
 73613 | Hell     | Gained mutation: You are occasionally teleported next to
                  | monsters. [potion of mutation]
 73614 | Hell     | Lost mutation: You are occasionally teleported next to
                  | monsters. [potion of mutation]
 73614 | Hell     | Gained mutation: You occasionally lose the ability to read
                  | scrolls when taking damage. [potion of mutation]
 73614 | Hell     | Gained mutation: You do not regenerate when monsters are
                  | visible. [potion of mutation]
 73614 | Hell     | Gained mutation: You have a pair of small horns on your
                  | head. [potion of mutation]
 73615 | Hell     | Lost mutation: You do not regenerate when monsters are
                  | visible. [potion of mutation]
 73615 | Hell     | Lost mutation: You occasionally lose the ability to read
                  | scrolls when taking damage. [potion of mutation]
 73615 | Hell     | Gained mutation: You passively dampen the noise of your
                  | surroundings. [potion of mutation]
 73615 | Hell     | Gained mutation: You have sharp toenails. [potion of
                  | mutation]
 73663 | Tar:1    | Entered Level 1 of Tartarus
 74342 | Tar:2    | Noticed an ancient lich
 74350 | Tar:2    | Killed an ancient lich
 74557 | Tar:2    | Learned a level 5 spell: Silence
 74659 | Tar:3    | Reached skill level 10 in Air Magic
 75430 | Tar:5    | Noticed a dread lich
 75437 | Tar:5    | Killed a dread lich
 75635 | Tar:7    | Entered Level 7 of Tartarus
 75695 | Tar:7    | Reached skill level 10 in Translocations
 75898 | Tar:7    | Noticed an ancient lich
 75901 | Tar:7    | Killed an ancient lich
 75902 | Tar:7    | Noticed a dread lich
 75911 | Tar:7    | Paralysed by a dread lich for 3 turns
 75917 | Tar:7    | Killed a dread lich
 76014 | Tar:7    | Identified the ring of Fetyzor {rF+ rC+}
 76234 | Tar:7    | Noticed Ereshkigal
 76249 | Tar:7    | Killed Ereshkigal
 76295 | Tar:7    | Identified the +4 plate armour of the Pure Bounties {Will-
                  | Dex+5 SInv}
 76402 | Tar:7    | Got a bone rune of Zot
 76450 | Tar:7    | Noticed an ancient lich
 76451 | Tar:7    | Noticed an ancient lich
 76454 | Tar:7    | Killed an ancient lich
 76468 | Tar:7    | Killed an ancient lich
 76481 | Tar:7    | Identified the +4 ring mail of the Farmer {Fly rC++ Str+2
                  | Stlth-}
 76648 | Coc:1    | Entered Level 1 of Cocytus
 76895 | Coc:2    | Reached skill level 15 in Dodging
 77248 | Coc:5    | Noticed a dread lich
 77254 | Coc:5    | Killed a dread lich
 77255 | Coc:5    | Paralysed by a wendigo for 1 turns
 77360 | Coc:5    | Paralysed by a wendigo for 1 turns
 78053 | Coc:7    | Entered Level 7 of Cocytus
 78169 | Coc:7    | Paralysed by a wendigo for 1 turns
 78602 | Coc:7    | Reached skill level 15 in Armour
 78708 | Coc:7    | Paralysed by a wendigo for 1 turns
 78866 | Coc:7    | Noticed Antaeus
 78886 | Coc:7    | Killed Antaeus
 79008 | Coc:7    | Got an icy rune of Zot
 79504 | Dis:1    | Entered Level 1 of the Iron City of Dis
 79661 | Dis:1    | Reached skill level 10 in Hexes
 79688 | Dis:1    | Reached skill level 27 in Invocations
 80577 | Dis:3    | You fall into a shaft and drop 3 floors!
 81414 | Dis:7    | Entered Level 7 of the Iron City of Dis
 81672 | Dis:7    | Reached skill level 15 in Evocations
 81883 | Dis:7    | Noticed a juggernaut
 81889 | Dis:7    | Killed a juggernaut
 82987 | Dis:7    | Noticed a juggernaut
 83002 | Dis:7    | Killed a juggernaut
 83075 | Dis:7    | Identified the +7 trident of Distraction {freeze, rN+ SInv}
 83494 | Dis:7    | Noticed a dread lich
 83498 | Dis:7    | Killed a dread lich
 83901 | Dis:7    | Noticed a juggernaut
 83921 | Dis:7    | Killed a juggernaut
 84195 | Dis:7    | Noticed Dispater
 84218 | Dis:7    | Killed Dispater
 84509 | Dis:7    | Found the +8 trishula "Condemnation" {holy, anguish, *Noise
                  | Fly rN+}
 84509 | Dis:7    | Found the +2 pair of slick slippers {slick, slippery, EV+4}
 84532 | Dis:7    | Got an iron rune of Zot
 85163 | Zig:1    | Entered Level 1 of a ziggurat
 85169 | Zig:1    | Reached skill level 1 in Stealth
 85184 | Zig:2    | Entered Level 2 of a ziggurat
 85215 | Zig:3    | Entered Level 3 of a ziggurat
 85240 | Zig:3    | Identified the +0 pair of gloves "Dowkiabitt" {rElec rN+
                  | Str-5 SInv}
 85250 | Zig:4    | Entered Level 4 of a ziggurat
 85315 | Zig:4    | Lost mutation: You have sharp toenails. [potion of
                  | mutation]
 85315 | Zig:4    | Lost mutation: You have a pair of small horns on your head.
                  | [potion of mutation]
 85315 | Zig:4    | Lost mutation: You passively dampen the noise of your
                  | surroundings. [potion of mutation]
 85315 | Zig:4    | Gained mutation: You have hidden genetic potential. [potion
                  | of mutation]
 85315 | Zig:4    | Gained mutation: You are partially covered in large bone
                  | plates. (SH +4) [potion of mutation]
 85315 | Zig:4    | Gained mutation: You occasionally shout uncontrollably at
                  | your foes. [potion of mutation]
 85315 | Zig:4    | Gained mutation: You possess an exceptional clarity of
                  | mind. [potion of mutation]
 85335 | Zig:5    | Entered Level 5 of a ziggurat
 85368 | Zig:6    | Entered Level 6 of a ziggurat
 85467 | Zig:6    | Acquired a manual of Spellcasting
 85470 | Zig:7    | Entered Level 7 of a ziggurat
 85513 | Zig:7    | Identified the +9 broad axe "Fueroy" {flame, rF++ rCorr
                  | Int+4}
 85514 | Zig:7    | Identified the +8 executioner's axe "Githiwoe" {freeze,
                  | Str-3 Dex+5}
 85518 | Zig:7    | Identified the +0 shortbow of Causality {antimagic, rC+
                  | Str+3}
 85519 | Zig:7    | Identified the +7 spear of Extremism {heavy, rCorr Dex+3}
 85520 | Zig:7    | Identified the +3 flail "Giygg" {flame, *Corrode Str+3
                  | Int+2 Stlth+}
 85524 | Zig:8    | Entered Level 8 of a ziggurat
 85568 | Zig:8    | Identified the +1 scimitar of Dim Light {pain, rPois}
 85591 | Zig:9    | Entered Level 9 of a ziggurat
 85604 | Zig:9    | Noticed Etwaweagh the pandemonium lord
 85604 | Zig:9    | Noticed Jaunot the pandemonium lord
 85611 | Zig:9    | Killed Jaunot the pandemonium lord
 85618 | Zig:9    | Killed Etwaweagh the pandemonium lord
 85672 | Zig:9    | Identified the staff of Xunk {rF+ Will+ Int-5 Dex+2 Stlth+
                  | Fire}
 85685 | Zig:10   | Entered Level 10 of a ziggurat
 85696 | Zig:10   | Noticed a dread lich
 85702 | Zig:10   | Noticed an ancient lich
 85712 | Zig:10   | Killed a dread lich
 85733 | Zig:10   | Killed an ancient lich
 85759 | Zig:10   | Identified the +4 morningstar of Ugadghed {heavy, rN++
                  | Str-4 Dex+3 Stlth+}
 85761 | Zig:10   | Identified the ring "Ufrim" {rF+ rC- Will+ Str+3}
 85775 | Zig:10   | Identified the ring of the Commoners {MP+9 Stlth+}
 85866 | Pan      | Entered Pandemonium
 86135 | Pan      | Reached skill level 5 in Stealth
 86455 | Pan      | Learned a level 2 spell: Lesser Beckoning
 87020 | Pan      | Noticed a seraph
 87027 | Pan      | Killed a seraph
 87082 | Pan      | Got the Incunable of Kindled Nephomancy
 87084 | Pan      | Identified the +5 scale mail "Hyqempaph" {Rampage rElec rF+
                  | Stlth+}
 87089 | Pan      | Got Sif Muna's Directory of the Alkahest and Terrain
 87096 | Pan      | Got a demonic rune of Zot
 87112 | Pan      | Identified the +3 scale mail "Cueniuc" {Fly rElec rPois
                  | Str-3}
 87185 | Pan      | Identified the staff of Jeonapt {rF++ rC+ Dex+3 Ice}
 88374 | Pan      | Acquired 780 gold pieces
 89075 | Pan      | Noticed Wiunn the pandemonium lord
 89083 | Pan      | Killed Wiunn the pandemonium lord
 89232 | Pan      | Entered the realm of Cerebov.
 89294 | Pan      | Found the +6 sword of Cerebov {flame}
 89294 | Pan      | Noticed Cerebov
 89310 | Pan      | Killed Cerebov
 89398 | Pan      | Identified the +0 robe "Qokhuc" {rN+ Will++ Slay-6}
 89483 | Pan      | Identified the staff "Dimuff" {Will+ Earth}
 89510 | Pan      | Identified the +5 great mace of Makhleb's Inspiration
                  | {flame, Will+}
 89631 | Pan      | Got a fiery rune of Zot
 89707 | Pan      | Identified the +6 war axe "Boll" {heavy, *Rage rElec Dex+3}
 89827 | Pan      | Entered the realm of Lom Lobon.
 89907 | Pan      | Reached skill level 10 in Long Blades
 89919 | Pan      | Found an exit through the horrors of the Abyss.
 90137 | Pan      | Noticed Lom Lobon
 90287 | Pan      | Killed Lom Lobon
 90309 | Pan      | Got a magical rune of Zot
 90748 | Pan      | Noticed Ycuisioz the pandemonium lord
 90751 | Pan      | Killed Ycuisioz the pandemonium lord
 91150 | Pan      | Reached skill level 27 in Fighting
 91239 | Pan      | Noticed Muasamn the pandemonium lord
 91251 | Pan      | Killed Muasamn the pandemonium lord
 91472 | Pan      | Noticed Vaechuho the pandemonium lord
 91480 | Pan      | Killed Vaechuho the pandemonium lord
 91651 | Pan      | Found an exit through the horrors of the Abyss.
 91928 | Pan      | Noticed Xisyheibbu the pandemonium lord
 91935 | Pan      | Killed Xisyheibbu the pandemonium lord
 92024 | Pan      | Entered the realm of Mnoleg.
 92366 | Pan      | Noticed Mnoleg
 92390 | Pan      | Killed Mnoleg
 92430 | Pan      | Got a glowing rune of Zot
 92501 | Pan      | Found an exit through the horrors of the Abyss.
 92502 | Pan      | Identified the +0 chain mail "Dauxtuci" {rN+ Str+5}
 92627 | Pan      | Entered the realm of Gloorx Vloq.
 93042 | Pan      | Reached skill level 15 in Long Blades
 93155 | Pan      | Noticed Gloorx Vloq
 93422 | Pan      | Killed Gloorx Vloq
 93445 | Pan      | Got a dark rune of Zot
 93576 | Pan      | Found an exit through the horrors of the Abyss.
 93586 | Pan      | Took an exit into the Abyss.
 93586 | Abyss:1  | Escaped into the Abyss
 93603 | Abyss:1  | Found a corrupted altar of Lugonu.
 93692 | Abyss:1  | Found a corrupted altar of Lugonu.
 93726 | Abyss:1  | Found a corrupted altar of Lugonu.
 93799 | Abyss:1  | Found a corrupted altar of Lugonu.
 93882 | Abyss:1  | Found a corrupted altar of Lugonu.
 93989 | Abyss:1  | Found a corrupted altar of Lugonu.
 94137 | Abyss:2  | Found a corrupted altar of Lugonu.
 94210 | Abyss:2  | Found a corrupted altar of Lugonu.
 94248 | Abyss:2  | Found a corrupted altar of Lugonu.
 94353 | Abyss:2  | Found a corrupted altar of Lugonu.
 94400 | Abyss:2  | Found a corrupted altar of Lugonu.
 94440 | Abyss:2  | Found a corrupted altar of Lugonu.
 94449 | Abyss:2  | Found a corrupted altar of Lugonu.
 94965 | Abyss:4  | Got an abyssal rune of Zot
 95026 | Depths:1 | Escaped the Abyss
 95202 | Vaults:2 | Bought a book of Party Tricks for 484 gold pieces
 95204 | Vaults:2 | Learned a level 1 spell: Apportation
 95369 | Tomb:1   | Entered Level 1 of the Tomb of the Ancients
 95459 | Tomb:1   | Noticed a royal mummy
 95459 | Tomb:1   | Noticed a royal mummy
 95459 | Tomb:1   | Noticed a royal mummy
 95459 | Tomb:1   | Noticed a royal mummy
 95459 | Tomb:1   | Noticed a royal mummy
 95598 | Tomb:1   | Identified the +0 plate armour "Icerroum" {Dex+4}
 95795 | Tomb:1   | Noticed a royal mummy
 95806 | Tomb:1   | Killed a royal mummy
 95846 | Tomb:2   | Noticed a royal mummy
 95847 | Tomb:2   | Noticed a royal mummy
 95852 | Tomb:2   | Noticed a royal mummy
 95857 | Tomb:2   | Noticed a royal mummy
 95875 | Tomb:2   | Killed a royal mummy
 95875 | Tomb:2   | Killed a royal mummy
 95875 | Tomb:2   | Killed a royal mummy
 95876 | Tomb:2   | Killed a royal mummy
 96318 | Tomb:3   | Entered Level 3 of the Tomb of the Ancients
 96355 | Tomb:3   | Noticed a royal mummy
 96357 | Tomb:3   | Killed a royal mummy
 96361 | Tomb:3   | Noticed a royal mummy
 96363 | Tomb:3   | Killed a royal mummy
 96369 | Tomb:3   | Noticed a royal mummy
 96370 | Tomb:3   | Reached skill level 10 in Spellcasting
 96370 | Tomb:3   | Killed a royal mummy
 96421 | Tomb:3   | Noticed a royal mummy
 96422 | Tomb:3   | Killed a royal mummy
 96422 | Tomb:3   | Noticed a royal mummy
 96423 | Tomb:3   | Killed a royal mummy
 96424 | Tomb:3   | Noticed a royal mummy
 96424 | Tomb:3   | Noticed a royal mummy
 96425 | Tomb:3   | Killed a royal mummy
 96426 | Tomb:3   | Noticed a royal mummy
 96426 | Tomb:3   | Killed a royal mummy
 96427 | Tomb:3   | Killed a royal mummy
 96471 | Tomb:3   | Got the Verses on Points and Mortality
 96473 | Tomb:3   | Identified the +4 hand axe of Cot Wieg {heavy, rF+ Str+4
                  | Int-3 Dex+3}
 96488 | Tomb:3   | Identified the staff of Domination {Fly Int+6 Dex-3 Conj}
 96572 | Tomb:3   | Got a sanguine gem with 505 turns to spare
 96575 | Tomb:3   | Got a golden rune of Zot
 96655 | Tomb:3   | Identified the +12 halberd of the Sneaky Servitors {venom,
                  | rPois rC+}
 97272 | Zot:5    | Entered Level 5 of the Realm of Zot
 97775 | Zot:5    | Noticed an orb of fire
 97776 | Zot:5    | Killed an orb of fire
 97777 | Zot:5    | Noticed an orb of fire
 97778 | Zot:5    | Killed an orb of fire
 97780 | Zot:5    | Noticed an orb of fire
 97781 | Zot:5    | Killed an orb of fire
 97781 | Zot:5    | Noticed an orb of fire
 97782 | Zot:5    | Noticed an orb of fire
 97783 | Zot:5    | Killed an orb of fire
 97784 | Zot:5    | Noticed an orb of fire
 97785 | Zot:5    | Killed an orb of fire
 97786 | Zot:5    | Killed an orb of fire
 97787 | Zot:5    | Noticed an orb of fire
 97788 | Zot:5    | Killed an orb of fire
 97794 | Zot:5    | Noticed an ancient lich
 97795 | Zot:5    | Killed an ancient lich
 97806 | Zot:5    | Noticed an ancient lich
 97808 | Zot:5    | Killed an ancient lich
 97892 | Zot:5    | Noticed an ancient lich
 97892 | Zot:5    | Noticed a dread lich
 97952 | Zot:5    | Killed a dread lich
 97954 | Zot:5    | Killed an ancient lich
 98069 | Zot:5    | Got the Orb of Zot
 98603 | D:2      | Noticed Natasha
 98605 | D:2      | Killed Natasha
 98653 | D:$      | Escaped with the Orb!

Illustrated notes

Levels and vault maps discovered:
D:1:      nzn_arrival_crosshair, layout_basic
D:2:      layout_basic, minmay_cut_off
D:3:      layout_rooms, evilmike_ruin_ashenzari, uniq_crazy_yiuf_cottage,
          uniq_natasha, uniq_ijyb, uniq_robin
D:4:      layout_basic, hangedman_glass_teeth
D:5:      layout_basic, grunt_temple_overflow_open, minmay_temple_entry_fiery,
          uniq_prince_ribbit1, uniq_edmund, uniq_sigmund
D:6:      layout_rooms
D:7:      layout_basic, uniq_jeremiah, uniq_duvessa, uniq_menkaure
D:8:      nzn_winding_woodlands_cross
          [nzn_winding_woodlands_5x15_pathside_ponds,
          nzn_winding_woodlands_5x15_default,
          nzn_winding_woodlands_5x15_lazy_stream,
          nzn_winding_woodlands_5x15_river_crossing,
          nzn_winding_woodlands_15x15_eel_pit], layout_basic, slow_altar_1,
          enter_bailey_3, uniq_maurice
D:9:      minmay_polygon_palace, layout_basic, serial_glass, glass_columns_a,
          glass_columns_a, glass_columns_b, glass_columns_a, glass_columns_c,
          glass_columns_a, item_on_display_a, minmay_misc_feat_encased,
          lemuel_flamethrower_hall
D:10:     layout_loops_ring, mainiacjoe_overflow_concentric_impassable,
          erik_lair_orcish_takeover, kennysheep_orc_monster_closet_entryway,
          minmay_chambers_of_fives, uniq_fannar
D:11:     layout_loops_ring, wad_mini_maze
D:12:     layout_roguey, serial_shops, nicolae_shop_pleasant_corner_grove,
          nicolae_shop_overgrown_old_shop, david_defended_altar_orc
D:13:     layout_long_grid, gauntlet_entry_generic, kennysheep_generic_room_16
D:14:     layout_basic, erik_vaults_1, serial_bayou_pond_c,
          nicolae_shop_overcharged_wands
D:15:     hangedman_depths_entry_civil_slaughter, layout_rooms,
          minmay_misc_feat_tiny, hangedman_decor_growths
Temple:   minmay_crystal_spiral_temple
Lair:1:   layout_long_grid, nzn_ghost_randoct, st_stairs_4, serial_bayou_shore_a
Lair:2:   layout_gridlike, skrybe_swamp_entry_bodies, lemuel_old_faithful,
          infiniplex_staircase_pool_2, grunt_megastairs_4
Lair:3:   layout_chaotic_city, spider_nest_entry_rubble, portal_ice_cave_rime,
          beast_lair_carwin_11, uniq_sonja
Lair:4:   layout_gridlike, nicolae_slime_entry_slimehenge, minmay_lindwurm_lava
Lair:5:   cheibrodos_lair_end_hotspot, layout_hall_layers
Swamp:1:  layout_basic_swamp, evilmike_swamp_ruin_rubble_2, swamp_pool_3,
          nicolae_swamp_dense_foliage
Swamp:2:  layout_basic_swamp, serial_swamp_ruin, hangedman_swamp_ruin_wall,
          evilmike_swamp_ruin_house_1, evilmike_swamp_ruin_house_5,
          swamp_pool_3, nzn_swamp_weyward_sisters
Swamp:3:  layout_basic_swamp, nicolae_swamp_triple_paths, swamp_pool_5,
          nicolae_swamp_big_swirl
Swamp:4:  swamp, layout_basic_swamp, swamp_pool_5, nicolae_swamp_wisp_ring_woods
Spider:1: layout_spider_delve, uniq_roxanne
Spider:2: spider_temple_joshua, nicolae_spider_eight_legs, uniq_arachne
Spider:3: layout_spider_delve
Spider:4: spider_rune_water
Slime:1:  layout_caves
Slime:2:  layout_caves, nicolae_slime_phagocytosis
Slime:3:  cheibrodos_slime_lost_civilization_9, layout_caves,
          nicolae_slime_barrier, uniq_dissolution
Slime:4:  layout_caves
Slime:5:  slime_pit_nicolae_block_by_block
Orc:1:    layout_caves
Orc:2:    grunt_orc_tribal_feast, layout_caves,
          einodemon_armed_red_devil_minivault
Elf:1:    elf_arrival_001, layout_rooms, serial_shops,
          nicolae_shop_industrial_runoff, gammafunk_ghost_cemetery,
          hangedman_elf_disciples, nicolae_shop_clearance, uniq_nikola,
          uniq_zenata
Elf:2:    elven_hall_of_blades_hangedman_alternative
          [nicolae_blade_entry_pointy_end], layout_geoelf_grid
Elf:3:    minmay_elf_hall_statues, layout_geoelf_castle, serial_shops, shop,
          nicolae_shop_i_like_small_books_too,
          nicolae_concentric_dashed_squares_mild, uniq_saint_roka
Vaults:1: nicolae_vaults_trapezoid_lopsided_4, nicolae_vaults_trapezoid_4,
          v_misc_18, grunt_vaults_twisty, vaults_room_grunt_arrival_ludios,
          nicolae_vaults_little_squares_4, vaults_dpeg_hooks,
          nicolae_vaults_mini_display_case, vaults_room_corners, v_misc_12,
          dpeg_vaults_waves, ontoclasm_vaults_ring_large, layout_vaults_omnibox
Vaults:2: nicolae_vaults_little_ls, ontoclasm_vaults_chip,
          ontoclasm_vaults_fault, vaults_mumra_minichess_inversion,
          minmay_crypt_entry_simple_box, vaults_mumra_minichess, v_misc_30,
          v_misc_4, nicolae_vaults_diamond_1, vaults_room_pool,
          layout_vaults_omnigrid, serial_shops, nicolae_shop_advertising_works
          [nicolae_subvault_shop_adworks], uniq_boris
Vaults:3: vaults_room_stairs_pillars, grunt_vaults_trifunnel,
          nicolae_vaults_trapezoid_lopsided_4, layout_vaults_chaotic_city
Vaults:4: vaults_dpeg_ring, nicolae_vaults_six-pack, v_misc_22, v_misc_33,
          nicolae_vaults_house_2, nicolae_vaults_triangles, grunt_vaults_funnel,
          nicolae_vaults_little_squares_1, nicolae_vaults_tetromino_T_2,
          nicolae_vaults_network_star, layout_vaults_ring, uniq_frederick,
          uniq_donald
Vaults:5
Crypt:1:  minmay_guarded_unrand_sceptre_of_torment, layout_basic,
          grunt_crypt_arrival_guarded_gate, grunt_megastairs_5, uniq_jory
Crypt:2:  layout_chaotic_city, minivault_14, grunt_ministairs_15
Crypt:3:  evilmike_haunted_forest
Tomb:1
Tomb:2
Tomb:3
Depths:1: layout_cave_pools, enter_ziggurat_c, grunt_hell_horde,
          abyss_entry_small_statue_room, nicolae_lava_and_water,
          grunt_pan_entry_sceptre, nicolae_dithmenos_the_darkroom
Depths:2: minmay_open_boxes_in_corner, layout_gridlike, pan_entry, abyss_entry,
          chequers_serial_rivers_large_a, serial_shops, statue_bzr,
          pf_coc_iceberg, minmay_shop_grove, infiniplex_staircase_star
Depths:3: nicolae_cairo_tiling_large, layout_twisted_cross,
          grunt_pan_entry_in_and_out, abyss_entry, hangedman_tar_grid_catacomb,
          nemelex_xobeh_ov_fountains_minmay, infiniplex_staircase_x
Depths:4: evilmike_zot_entry_argh, layout_cave_shapes, abyss_entry_glasseish,
          minmay_misc_feat_chi, hell_entry, minmay_shop_star
Hell
Dis:1:    layout_subdivisions, nicolae_hells_seeping_fissure
Dis:2:    layout_gridville
Dis:3:    nicolae_hells_demon_pit, layout_gridville
Dis:6:    layout_regular_city
Dis:7:    dis_hangedman
Geh:1:    nicolae_geh_symmetric_flows, layout_gehenna_pools_triple
Geh:2:    layout_gehenna_pools_basic, nicolae_geh_fiery_graves
          [nicolae_geh_single_fiery_grave, nicolae_geh_single_fiery_grave,
          nicolae_geh_single_fiery_grave, nicolae_geh_single_fiery_grave,
          nicolae_geh_single_fiery_grave, nicolae_geh_single_fiery_grave,
          nicolae_geh_single_fiery_grave, nicolae_geh_single_fiery_grave,
          nicolae_geh_single_fiery_grave]
Geh:3:    layout_gehenna_lava_caves
Geh:4:    layout_gehenna_pools_box
Geh:5:    layout_gehenna_pools_triple, nicolae_geh_liches_on_tour
Geh:6:    layout_gehenna_pools_box
Geh:7:    geh_old
Coc:1:    layout_cocytus_water_paths
Coc:2:    layout_cocytus_delve
Coc:3:    layout_cocytus_water_paths
Coc:4:    layout_ice_bergs
Coc:5:    layout_ice_bergs
Coc:6:    layout_ice_bergs
Coc:7:    coc_mu
Tar:1:    layout_honeycomb
Tar:2:    layout_catacombs, tekkud_tar_snaking_path
Tar:3:    layout_honeycomb
Tar:4:    nicolae_hells_titanomachy
Tar:5:    layout_honeycomb, nicolae_tar_cuneiform_two
Tar:6:    layout_grid_maze
Tar:7:    tar_grunt_cathedral
Zot:1:    layout_cathedral_of_symmetry, regret_index_zotdec_banners
Zot:2:    regret_index_infernal_bastille, layout_cellular_growth,
          grunt_megastairs_1
Zot:3:    kennysheep_ambush_hall, layout_onion_interference
Zot:4:    kennysheep_oblong_rooms, layout_basic, regret_index_zotdec_icy_dp,
          uniq_josephina
Zot:5:    layout_misc_corridors, grunt_ministairs_4

Skill      XL: |  1  2  3  4  5  6  7  8  9 10 11 12 13 14 15 16 17 18 19 20 21 22 23 24 25 26 27 |
---------------+----------------------------------------------------------------------------------+-----
Ranged Weapons | 4 5 6 7 8 10 11 12 13 14 16 17 18 19 20 22 | 22.5
Armour         | 1 2 5 8 10 12 19 | 19.6
Fighting       | 3 4 5 6 7 8 9 10 11 12 14 15 16 17 18 19 20 27 | 27.0
Evocations     | 1 2 3 4 5 8 10 11 12 13 14 19 | 19.9
Dodging        | 3 4 5 6 8 9 10 11 12 13 24 | 24.2
Invocations    | 3 6 8 9 11 12 14 16 18 19 20 22 23 24 25 27 | 27.0
Long Blades    | 7 18 | 18.4
Air Magic      | 5 8 9 12 | 12.5
Spellcasting   | 2 3 4 5 13 | 13.5
Hexes          | 4 5 7 10 | 10.0
Translocations | 4 5 8 9 12 | 12.0
Shapeshifting  | 5 13 17 21 23 | 23.0
Stealth        | 6 |  6.0

Action                     |  1- 3 |  4- 6 |  7- 9 | 10-12 | 13-15 | 16-18 | 19-21 | 22-24 | 25-27 || total
---------------------------+-------+-------+-------+-------+-------+-------+-------+-------+-------++-------
  Melee: Unarmed           |       |     2 |       |       |       |       |       |       |       ||     2
         Dagger            |       |       |     6 |       |       |       |       |       |       ||     6
         Tailslap          |       |       |     1 |       |       |     1 |       |     3 |    16 ||    21
         Short sword       |       |       |       |       |       |     9 |       |       |       ||     9
         Longbow           |       |       |       |       |       |       |       |     4 |     6 ||    10
         Flamberge         |       |       |       |       |       |       |       |       |    60 ||    60
         Headbutt          |       |       |       |       |       |       |       |       |     2 ||     2
   Fire: Shortbow          |   116 |   254 |   240 |       |       |       |       |       |       ||   610
         Orcbow            |       |       |    80 |   734 |  1703 |  1934 |   402 |       |       ||  4853
         Longbow           |       |       |       |       |       |       |   906 |  1479 |  5204 ||  7589
  Throw: Dart              |       |       |     4 |     3 |       |     6 |       |     2 |     4 ||    19
         Throwing net      |       |       |     1 |       |       |     1 |       |       |       ||     2
   Cast: Dimensional Bulls |       |       |       |       |       |       |       |    12 |   161 ||   173
         Blink             |       |       |       |       |       |       |       |     3 |    19 ||    22
         Vhi's Electric Ch |       |       |       |       |       |       |       |     4 |     6 ||    10
         Passage of Golubr |       |       |       |       |       |       |       |       |    10 ||    10
         Apportation       |       |       |       |       |       |       |       |       |     2 ||     2
 Invoke: Wall of Briars    |       |       |       |    18 |    38 |    42 |    41 |    19 |    18 ||   176
         Grow Ballistomyce |       |       |       |     9 |     5 |    13 |    11 |     8 |    14 ||    60
         Overgrow          |       |       |       |       |     1 |       |       |       |     1 ||     2
         Grow Oklob        |       |       |       |       |       |    11 |     5 |     4 |    66 ||    86
Ability: Hurl Damnation    |       |       |       |       |       |       |       |       |     9 ||     9
         Begin Untransform |       |       |       |       |       |       |       |       |     4 ||     4
  Evoke: Wand              |       |       |     3 |     3 |     3 |    17 |    18 |    23 |    43 ||   110
         Tin of tremorston |       |       |       |       |       |     3 |     8 |     4 |    14 ||    29
         Phantom mirror    |       |       |       |       |       |     1 |       |     1 |     1 ||     3
         Gell's gravitambo |       |       |       |       |       |       |     1 |       |     5 ||     6
         Horn of Geryon    |       |       |       |       |       |       |       |       |     1 ||     1
    Use: Scroll            |     3 |     6 |     3 |    10 |    10 |     3 |    12 |    10 |    35 ||    92
         Potion            |       |     3 |     1 |     4 |     4 |     6 |     2 |     1 |    38 ||    59
   Stab: Distracted        |       |       |       |       |       |       |       |       |     3 ||     3
 Armour: Leather armour    |    13 |       |    83 |    72 |       |       |       |       |       ||   168
         Ring mail         |    14 |    84 |    29 |       |       |       |       |       |       ||   127
         Skin              |       |     3 |       |       |       |       |       |       |       ||     3
         Acid dragon scale |       |       |       |    83 |   234 |    94 |       |       |       ||   411
         Swamp dragon scal |       |       |       |       |       |   203 |   303 |     2 |       ||   508
         Fire dragon scale |       |       |       |       |       |       |       |   540 |  1786 ||  2326
  Dodge: Dodged            |    44 |    82 |   144 |   235 |   472 |   876 |   961 |  1644 |  5081 ||  9539
         Repelled          |       |       |       |       |    31 |    32 |    46 |    50 |   197 ||   356
  Block: Other             |       |       |       |       |       |       |       |       |   220 ||   220
   Form: Death             |       |       |       |       |       |       |       |       |     5 ||     5

Table legend: (Time is in decaauts)
 A = Elapsed time spent in this place.
 B = Non-inter-level travel time spent in this place.
 C = Inter-level travel time spent in this place.
 D = Time resting spent in this place.
 E = Time spent auto-exploring this place.
 F = Levels seen in this place.
 G = Mean time per level.
                   A        B        C        D        E       F      G
               +--------+--------+--------+--------+--------+-----+--------+
         Total | 100172 |  91477 |   8695 |   5892 |  54049 | 124 |  807.8 |
       Dungeon |  18945 |  15847 |   3098 |   1017 |  10471 |  15 | 1263.0 |
        Temple |    118 |      2 |    116 |      0 |      0 |   1 |  118.0 |
          Lair |   6764 |   5991 |    773 |    177 |   4388 |   5 | 1352.8 |
         Swamp |   4722 |   4517 |    205 |      0 |   3380 |   4 | 1180.5 |
   Spider Nest |   5119 |   4888 |    231 |    143 |   3314 |   4 | 1279.8 |
    Slime Pits |   1030 |    966 |     64 |    258 |    281 |   5 |  206.0 |
  Orcish Mines |   1730 |   1462 |    268 |     47 |    953 |   2 |  865.0 |
   Elven Halls |   5355 |   5135 |    220 |    283 |   3371 |   3 | 1785.0 |
        Vaults |   8928 |   8097 |    831 |     82 |   6035 |   5 | 1785.6 |
         Crypt |   5091 |   4677 |    414 |    182 |   3331 |   3 | 1697.0 |
          Tomb |   1530 |   1388 |    142 |     27 |    491 |   3 |  510.0 |
        Depths |   5987 |   5193 |    794 |    195 |   3458 |   4 | 1496.8 |
          Hell |   1508 |   1347 |    161 |    478 |    377 |   1 | 1508.0 |
           Dis |   4992 |   4795 |    197 |   1315 |   1711 |   5 |  998.4 |
       Gehenna |   2126 |   1956 |    170 |    108 |    770 |   7 |  303.7 |
       Cocytus |   3088 |   2916 |    172 |    210 |   1748 |   7 |  441.1 |
      Tartarus |   3078 |   2913 |    165 |    258 |   1223 |   7 |  439.7 |
           Zot |   6270 |   5601 |    669 |    251 |   3148 |   5 | 1254.0 |
         Abyss |   1510 |   1510 |      0 |     37 |    695 |   4 |  377.5 |
   Pandemonium |   8027 |   8027 |      0 |    148 |   3417 |  20 |  401.4 |
      Ziggurat |    665 |    665 |      0 |      0 |    319 |  10 |   66.5 |
        Bazaar |    182 |    182 |      0 |      0 |    177 |   1 |  182.0 |
        Bailey |   1341 |   1341 |      0 |    367 |    425 |   1 | 1341.0 |
      Ice Cave |    854 |    854 |      0 |    305 |    148 |   1 |  854.0 |
      Gauntlet |   1199 |   1199 |      0 |      0 |    410 |   1 | 1199.0 |
               +--------+--------+--------+--------+--------+-----+--------+

Top non-repeatable levels by time:
   Dis:7: 3340 daAuts
Vaults:2: 2589 daAuts
 Crypt:3: 2586 daAuts
   Elf:3: 2455 daAuts
  Lair:5: 2153 daAuts
Depths:3: 1975 daAuts
    D:14: 1950 daAuts
    D:10: 1792 daAuts
Vaults:5: 1791 daAuts
   Zot:2: 1790 daAuts
Vaults:1: 1757 daAuts
 Crypt:1: 1661 daAuts
     D:9: 1659 daAuts
Spider:2: 1641 daAuts
Vaults:4: 1577 daAuts
